 Dungeon Crawl Stone Soup version 0.31.0-7-gf635a9b802 (webtiles) character file.

Game seed: 4967915264195232014

2300929 MackTheKnife the Slayer (level 26, 306/306 HPs)
             Began as a Demonspawn Alchemist on Jan 22, 2024.
             Was the Champion of Ashenzari.
             Escaped with the Orb
             ... and 4 runes on Jan 23, 2024!
             The game lasted 02:37:15 (70702 turns).

MackTheKnife the Slayer (Demonspawn Alchemist)     Turns: 70702, Time: 02:37:16

Health: 306/306    AC: 26    Str: 23    XL:     26   Next: 61%
Magic:  43/43      EV: 36    Int: 24    God:    Ashenzari [******]
Gold:   3086       SH: 22    Dex: 19    Spells: 12/57 levels left

rFire   + + +        Z - +9 demon blade "Per Aspera Ad Scientiam" {freeze, long, Cun, Sorc} (curse)
rCold   + + .        R - +3 kite shield of Ashenzari's Black Moon {rF+, Sorc, Comp} (curse)
rNeg    + + +        W - +2 faerie dragon scales {rN+ rCorr Dex+3 Clar, Elem, Melee} (curse)
rPois   +            o - +2 helmet of the Ensconced Ether {Self, Cun} (curse)
rElec   +            (cloak unavailable)
rCorr   +            H - +2 pair of gloves of Ouranomancy {Cun, Bglg} (curse)
SInv    +            T - +2 pair of boots of the Ruined Jealousy {Dev, Fort} (curse)
Will    +....        g - amulet "Oscillating Fan" {Acrobat rElec rF+ Str+3 Int+3, Melee, Sorc} (curse)
Stlth   ++           m - ring "Prophetic Asceticism" {*Corrode rC+++ rN++ EV+5, Melee, Self} (curse)
HPRegen 0.71/turn    t - ring "Lashed Together" {rPois rF+ rC- rN+ Str+5, Dev, Elem} (curse)
MPRegen 0.56/turn

%: corrode self (3%), repel missiles, acrobat, clarity, guardian spirit
@: no status effects
A: repulsion field 3, icemail 2, robust 3, magic shield, magic regeneration,
magic link, condensation shield, weakness stinger 3, deterioration 1, poison
resistance, strong 1
0: Orb of Zot
}: 4/15 runes: decaying, slimy, silver, gossamer
a: Renounce Religion, Shatter the Chains


You escaped.
You worshipped Ashenzari.
Ashenzari was exalted by your worship.
You visited 12 branches of the dungeon, and saw 56 of its levels.
You visited 1 bazaar.
You also visited: Bailey, Volcano and Wizlab.

You collected 9839 gold pieces.
You spent 6753 gold pieces at shops.


Innate Abilities, Weirdness & Mutations

You are surrounded by a strong repulsion field. (EV +4, RMsl)
A meltable icy envelope protects you from harm. (AC +8)
You are extremely robust. (+30% HP)
When hurt, damage is shared between your health and your magic reserves.
You regenerate magic rapidly.
When low on magic, you restore magic in place of health.
A meltable shield of frost defends you. (SH +4)
You have a sharp stinger which inflicts weakening toxins.
Your body sometimes deteriorates upon taking damage.
Your system is resistant to poisons. (rPois)
Your muscles are strong. (Str +4, Int/Dex -1)


   Skills:
 + Level 22.3(25.5) Fighting
 - Level 10.8(16.6) Short Blades
 - Level 9.7(15.8) Long Blades
 - Level 2.0(3.8) Armour
 + Level 19.0(23.4) Dodging
 - Level 5.9(10.5) Stealth
 - Level 13.5(15.9) Shields
 - Level 12.6(16.2) Spellcasting
 - Level 14.5(19.2) Conjurations
 - Level 13.3(15.7) Summonings
 - Level 2.3(4.2) Translocations
 - Level 5.9(9.4) Fire Magic
 - Level 6.3(9.9) Ice Magic
 - Level 17.3(20.7) Air Magic
 - Level 6.4(10.0) Earth Magic
 - Level 10.2(14.9) Alchemy
 - Level 6.8(10.4) Evocations
 - Level 10.9(14.5) Shapeshifting


You had 12 spell levels left.
You knew the following spells:

 Your Spells              Type           Power      Damage    Failure   Level
a - Spellforged Servitor  Conj/Summ      40%        N/A       3%          7
b - Olgreb's Toxic Radia  Alch           74%        N/A       1%          4
c - Stone Arrow           Conj/Erth      100%       3d13      1%          3
d - Mephitic Cloud        Conj/Alch/Air  82%        N/A       0%          3
e - Freezing Cloud        Conj/Ice/Air   39%        6-21      1%          5
f - Ignite Poison         Fire/Alch      67%        N/A       1%          4
g - Maxwell's Capacitive  Air            43%        ∞         7%          8
h - Plasma Beam           Fire/Air       37%        2x1d51    1%          6
i - Summon Forest         Summ/Tloc      30%        N/A       2%          5

Your spell library contained the following spells:

 Spells                   Type           Power      Damage    Failure   Level
 Magic Dart               Conj           100%       1d8       0%          1
 Shock                    Conj/Air       100%       1d9       0%          1
 Sting                    Conj/Alch      100%       1d9       0%          1
 Call Imp                 Summ           100%       N/A       0%          2
 Mercury Vapours          Alch/Air       100%       N/A       0%          2
 Searing Ray              Conj           100%       2d8       0%          2
 Static Discharge         Conj/Air       100%       3-8/arc   0%          2
 Swiftness                Air            87%        N/A       0%          3
 Airstrike                Air            43%        2d(7-23)  0%          4
 Apportation              Tloc           78%        N/A       1%          1
 Freeze                   Ice            100%       1d10      1%          1
 Kiss of Death            Conj/Necr      100%       2d13      1%          1
 Sandblast                Erth           100%       2d20      1%          1
 Blink                    Tloc           78%        N/A       1%          2
 Cigotuvi's Dreadful Rot  Necr/Alch/Air  100%       N/A       1%          2
 Ensorcelled Hibernation  Hex/Ice        88%        N/A       1%          2
 Lesser Beckoning         Tloc           78%        N/A       1%          2
 Momentum Strike          Conj/Tloc      100%       3d10      1%          2
 Call Canine Familiar     Summ           76%        N/A       1%          3
 Dazzling Flash           Conj/Hex       100%       N/A       1%          3
 Hailstorm                Conj/Ice       73%        3d13      1%          3
 Inner Flame              Hex/Fire       42%        N/A       1%          3
 Ozocubu's Armour         Ice            61%        N/A       1%          3
 Passwall                 Erth           61%        N/A       1%          3
 Volatile Blastmotes      Fire/Tloc      100%       2d18      1%          3
 Animate Armour           Summ/Erth      100%       N/A       1%          4
 Brom's Barrelling Bould  Conj/Erth      74%        2d9       1%          4
 Flame Wave               Conj/Fire      73%        2d16      1%          4
 Fulminant Prism          Conj/Alch      39%        3d18      1%          4
 Iskenderun's Mystic Bla  Conj/Tloc      66%        2d14      1%          4
 Leda's Liquefaction      Alch/Erth      34%        N/A       1%          4
 Martyr's Knell           Necr/Summ      55%        N/A       1%          4
 Sticky Flame             Fire/Alch      67%        2d11      1%          4
 Summon Blazeheart Golem  Fire/Summ      68%        N/A       1%          4
 Summon Lightning Spire   Summ/Air       82%        N/A       1%          4
 Vhi's Electric Charge    Tloc/Air       100%       N/A       1%          4
 Alistair's Intoxication  Alch           49%        N/A       1%          5
 Arcjolt                  Conj/Air       43%        1d53      1%          5
 Silence                  Hex/Air        31%        N/A       1%          5
 Bombard                  Conj/Erth      37%        9d6       1%          6
 Conjure Ball Lightning   Conj/Air       43%        3x3d15    1%          6
 Eringya's Noxious Bog    Alch           37%        4d6       1%          6
 Summon Cactus Giant      Summ           38%        N/A       1%          6
 Orb of Destruction       Conj           42%        9d12      1%          7
 Gell's Gravitas          Tloc           39%        N/A       2%          3
 Teleport Other           Tloc           39%        N/A       2%          3
 Lee's Rapid Deconstruct  Erth           30%        3d16*     2%          5
 Starburst                Conj/Fire      36%        6d11      2%          6
 Necrotise                Necr           80%        1d8       4%          1
 Slow                     Hex            80%        N/A       4%          1
 Sculpt Simulacrum        Ice/Alch       34%        N/A       4%          6
 Summon Mana Viper        Hex/Summ       55%        N/A       5%          5
 Yara's Violent Unravell  Hex/Alch       27%        3d12      6%          5
 Jinxbite                 Hex            40%        N/A       7%          2
 Sublimation of Blood     Necr           20%        N/A       7%          2
 Monstrous Menagerie      Summ           38%        N/A       7%          7
 Summon Hydra             Summ           38%        N/A       7%          7
 Manifold Assault         Tloc           39%        N/A       9%          4
 Passage of Golubria      Tloc           39%        N/A       9%          4
 Confusing Touch          Hex            20%        N/A       13%         3
 Fugue of the Fallen      Necr           20%        N/A       13%         3
 Sigil of Binding         Hex            20%        N/A       13%         3
 Tukima's Dance           Hex            20%        N/A       13%         3
 Vampiric Draining        Necr           20%        2d7       13%         3
 Borgnjor's Vile Clutch   Necr/Erth      22%        N/A       17%         5
 Dimensional Bullseye     Hex/Tloc       15%        N/A       19%         4
 Anguish                  Hex/Necr       10%        N/A       41%         4
 Animate Dead             Necr           20%        N/A       41%         4
 Cause Fear               Hex            10%        N/A       41%         4
 Dispel Undead            Necr           20%        3d11      41%         4
 Summon Horrible Things   Summ           38%        N/A       45%         8
 Malign Gateway           Summ/Tloc      30%        N/A       56%         7
 Ozocubu's Refrigeration  Ice            30%        4d14      56%         7
 Lehudib's Crystal Spear  Conj/Erth      37%        10d9      63%         8
 Curse of Agony           Necr           20%        N/A       77%         5
 Dispersal                Tloc           19%        N/A       80%         6
 Haunt                    Necr/Summ      27%        N/A       85%         7
 Enfeeble                 Hex            10%        N/A       100%        7
 Discord                  Hex            10%        N/A       100%        8
 Disjunction              Tloc           19%        N/A       100%        8
 Infestation              Necr           10%        N/A       100%        8
 Dragon's Call            Summ           38%        N/A       100%        9
 Fire Storm               Conj/Fire      36%        8d9       100%        9
 Polar Vortex             Ice            30%        12d4*     100%        9

Inventory:

Hand Weapons
 Z - the cursed +9 demon blade "Per Aspera Ad Scientiam" (weapon) {freeze, long, Cun, Sorc}
   (You took it off Margery on level 4 of the Vaults)

   It has a curse which improves the following skills: Cunning: Dodging and
   Stealth.
   Sorcery:   Conjurations and Alchemy.
Armour
 o - the cursed +2 helmet of the Ensconced Ether (worn) {Self, Cun}
   (You found it on level 3 of the Dungeon)

   It has a curse which improves the following skills: Introspection: Fighting
   and Spellcasting.
   Cunning:   Dodging and Stealth.
 H - the cursed +2 pair of gloves of Ouranomancy (worn) {Cun, Bglg}
   (You found it on level 9 of the Dungeon)

   It has a curse which improves the following skills: Cunning: Dodging and
   Stealth.
   Beguiling: Hexes and Translocations.
 R - the cursed +3 kite shield of Ashenzari's Black Moon (worn) {rF+, Sorc, Comp}
   (You found it on level 3 of the Depths)

   It has a curse which improves the following skills: Sorcery: Conjurations and
   Alchemy.
   Companions: Summonings and Necromancy.
 T - the cursed +2 pair of boots of the Ruined Jealousy (worn) {Dev, Fort}
   (You found it on level 13 of the Dungeon)

   It has a curse which improves the following skills: Devices: Evocations and
   Shapeshifting.
   Fortitude: Armour and Shields.
 W - the cursed +2 faerie dragon scales (worn) {rN+ rCorr Dex+3 Clar, Elem, Melee}
   (You took it off the Enchantress on level 2 of the Depths)

   Dex+3:     It affects your dexterity (+3).
   rN+:       It protects you from negative energy.
   Clar:      It protects you from confusion, rage, mesmerisation and fear.
   rCorr:     It protects you from acid and corrosion.
   It has a curse which improves the following skills: Elements: Fire Magic, Ice
   Magic, Air Magic and Earth Magic.
   Melee Combat: Short Blades, Long Blades, Axes, Maces & Flails, Polearms,
   Staves and Unarmed Combat.
Jewellery
 g - the cursed amulet "Oscillating Fan" (around neck) {Acrobat rElec rF+ Str+3 Int+3, Melee, Sorc}
   (You found it on level 5 of the Pits of Slime)

   [amulet of the acrobat]

   Acrobat:   It increases your evasion while moving and waiting.
   Str+3:     It affects your strength (+3).
   Int+3:     It affects your intelligence (+3).
   rF+:       It protects you from fire.
   rElec:     It insulates you from electricity.
   It has a curse which improves the following skills: Melee Combat: Short
   Blades, Long Blades, Axes, Maces & Flails, Polearms, Staves and Unarmed
   Combat.
   Sorcery:   Conjurations and Alchemy.
 m - the cursed ring "Prophetic Asceticism" (left hand) {*Corrode rC+++ rN++ EV+5, Melee, Self}
   (You found it in a bailey)

   [ring of evasion]

   EV+5:      It affects your evasion (+5).
   rC+++:     It renders you almost immune to cold.
   rN++:      It greatly protects you from negative energy.
   *Corrode:  It may corrode you when you take damage.
   It has a curse which improves the following skills: Melee Combat: Short
   Blades, Long Blades, Axes, Maces & Flails, Polearms, Staves and Unarmed
   Combat.
   Introspection: Fighting and Spellcasting.
 t - the cursed ring "Lashed Together" (right hand) {rPois rF+ rC- rN+ Str+5, Dev, Elem}
   (You took it off a vault warden on level 5 of the Vaults)

   [ring of positive energy]

   Str+5:     It affects your strength (+5).
   rF+:       It protects you from fire.
   rC-:       It makes you vulnerable to cold.
   rPois:     It protects you from poison rN+: It protects you from negative
   energy.
   It has a curse which improves the following skills: Devices: Evocations and
   Shapeshifting.
   Elements:  Fire Magic, Ice Magic, Air Magic and Earth Magic.
Talismans
 w - a granite talisman
   (You took it off Roxanne on level 1 of the Spider Nest)
Wands
 d - a wand of flame (66)
   (You found it on level 3 of the Dungeon)
 h - a wand of mindburst (13)
   (You found it on level 2 of the Swamp)
 n - a wand of polymorph (32)
   (You took it off Jessica on level 3 of the Dungeon)
 D - a wand of roots (53)
   (You found it on level 8 of the Dungeon)
 N - a wand of quicksilver (26)
   (You found it on level 5 of the Lair of Beasts)
 P - a wand of charming (74)
   (You found it on level 11 of the Dungeon)
 Q - a wand of digging (26)
   (You found it on level 3 of the Swamp)
Scrolls
 a - 3 scrolls of blinking {!r}
 c - 4 scrolls of enchant weapon
 e - 6 scrolls of fog
 i - 2 scrolls of revelation
 l - 14 scrolls of teleportation {@r4}
 p - 9 scrolls of butterflies
 u - 3 scrolls of silence {!r}
 z - 10 scrolls of fear
 A - 10 scrolls of immolation {!r!r}
 C - 3 scrolls of poison {!r}
 F - 7 scrolls of vulnerability {!r!r}
Potions
 b - 7 potions of invisibility
 f - 20 potions of curing {@q1}
 j - 6 potions of ambrosia
 k - 10 potions of might
 r - 13 potions of heal wounds {@q2}
 s - a potion of resistance
 x - 6 potions of enlightenment
 B - 14 potions of brilliance
 E - 10 potions of magic
 G - 8 potions of mutation {!q}
 J - 4 potions of attraction {!q}
 L - 5 potions of cancellation
 M - 5 potions of haste {@q3}
 V - 2 potions of berserk rage {!q}
Miscellaneous
 v - a tin of tremorstones (2/2) {throwing}
   (You found it on level 3 of the Swamp)
 I - a box of beasts
   (You found it on level 14 of the Dungeon)
 K - a phantom mirror
   (You found it on level 5 of the Lair of Beasts)
 O - a phial of floods
   (You found it on level 5 of the Lair of Beasts)
 U - a lightning rod (4/4)
   (You found it on level 13 of the Dungeon)

Dungeon Overview and Level Annotations

Branches:
Dungeon (15/15)            Temple (1/1) D:6            Lair (5/5) D:9
  Swamp (4/4) Lair:2       Spider (4/4) Lair:2        Slime (5/5) Lair:5
    Orc (2/2) D:12            Elf (3/3) Orc:2        Vaults (5/5) D:14
  Crypt (3/3) Vaults:3       Tomb (0/3) Crypt:3      Depths (4/4) D:15
    Zot (5/5) Depths:4     Bailey (visited)         Volcano (visited)
 WizLab (visited)

Altars:
Ashenzari
Cheibriados
Dithmenos
Fedhas
Gozag
Hepliaklqana
Kikubaaqudgha
Makhleb
Nemelex Xobeh
Okawaru
Qazlal
Ru
Sif Muna
Trog
Uskayaw
Vehumet
Wu Jian
Xom
Yredelemnul
Jiyva

Shops:
Orc:2 (****   Vaults:1 [:   Vaults:3 (   Depths:1 ?*   Depths:3 [

Portals:
Hell: Depths:1 Depths:2 Depths:3 Depths:4
Abyss: Depths:3
Pandemonium: Depths:2
Ziggurat: Depths:4

Annotations:
D:3 Terence
D:14 exclusion: death knight
Lair:5 exclusions: ice statue and oklob plant
Spider:3 1 exclusion, Louise
Slime:5 exclusion: shining eye
Elf:1 21 runed translucent doors, exclusion: orange crystal statue
Elf:2 5 runed translucent doors
Vaults:2 exclusion: door, Mennas
Vaults:3 exclusion: upstairs

###########..÷÷.......# ## #####
#...........# #. ....#
#.8..8.8..8.# #. ###.#
#...........# ##. #...#
#...........# #..
#.#########...........# #.#
#.'...†...#........^..###### #.#
###...###.#...........#....# ##{#
##..###.......@.......##.# #{..
#...'..#...........#.##.###...
#####..#...........#.##.##..#.
#######.###...........#.##.##.###
......#.# #...........#.##.##..#.
#####.#.# #...........#.##.##....
# #.....# #.8..8.8..8.#.##.##.#.#
###.#..## #...........#.##.##....
##......###..÷....÷÷..#.##.#...#.


There were no monsters in sight!


Message History

😮 HP[+4] MP[+5]
You regained 4 hp, and now have 226/306 hp.
You regained 5 mp, and now have 36/43 mp. 😕 HP[+5] MP[+4]
You regained 5 hp, and now have 231/306 hp.
You regained 4 mp, and now have 40/43 mp.
You feel less invigorated.
You feel less confused. 😕 HP[+5] MP[+3]
You regained 5 hp, and now have 236/306 hp.
Your mp is fully restored (43).
Unknown command. 😕 HP[+1] Unknown command. 😕 HP[+1] 😕 HP[+1] Unknown command.
There is a stone staircase leading up here. 😕 HP[+1]
You are confused.
You feel invigorated. 😕 HP[+5]
You regained 5 hp, and now have 245/306 hp.
You start resting.
You feel less invigorated.
You feel less confused. 😕 HP[+32]
You regained 32 hp, and now have 277/306 hp.
You climb upwards.
Your summoned ally is left behind.
There is a stone staircase leading down here. 😕 HP[+1]
What level of the Dungeon? (default 1, ? - help)
You sense a monster nearby. 😕 HP[+7]
You regained 7 hp, and now have 285/306 hp.
An Orb Guardian comes into view. 😕 HP[+1] 😕 HP[+1] 😕 HP[+1]
A sun demon comes into view.
There is a stone staircase leading up here.
You climb upwards.
There is a stone staircase leading down here. 😕 HP[+2]
You regained 2 hp, and now have 290/306 hp.
What level of the Dungeon? (default 1, ? - help)
There is a stone staircase leading up here.
You climb upwards.
There is a stone staircase leading down here.
There is a stone staircase leading up here.
You climb upwards.
An Orb Guardian comes into view.
There is a stone staircase leading down here. 😎 HP[+16]
Your hp is fully restored (306).
Unknown command.
Casting: Spellforged Servitor (mildly dangerous; 3% risk of failure)
Confirm with . or Enter, or press ? or * to list all spells.
You summon a servant imbued with your destructive magic! 😎 MP[-5]
You lost 5 mp, and now have 38/43 mp.
Unknown command.
Aiming: Dig
Press: ? - help, Shift-Dir - straight line A rock wall.
This square is covered in magical glow.
The rock shatters into small pieces.
Your spellforged servitor gestures wildly while chanting.
The bolt of lightning hits the Orb Guardian!!
The fiery plasma hits the Orb Guardian!! 😎 MP[+1] 😎 MP[+1] 😎 MP[+1]
Your spellforged servitor gestures wildly while chanting.
The bolt of lightning misses the Orb Guardian.
The fiery plasma hits the Orb Guardian! 😎 MP[+1] 😎 MP[+1]
Your mp is fully restored (43).
There is a stone staircase leading up here.
You climb upwards.
There is a stone staircase leading down here.
What level of the Dungeon? (default 1, ? - help)
There is a stone staircase leading up here.
You climb upwards.
There is a stone staircase leading down here.
There is a stone staircase leading up here.
You climb upwards.
Level annotation: Terence
There is a stone staircase leading down here.
There is a stone staircase leading up here.
You climb upwards.
There is a stone staircase leading down here.
A hell beast comes into view.
The hell beast moves out of view.
There is a stone staircase leading up here.
You climb upwards.
There is a stone staircase leading down here.
There is a staircase leading out of the dungeon here.
You have escaped!

Skill      XL: |  1  2  3  4  5  6  7  8  9 10 11 12 13 14 15 16 17 18 19 20 21 22 23 24 25 26 |
---------------+-------------------------------------------------------------------------------+-----
Stealth        | 2 5 |  5.9
Alchemy        | 4 5 6 7 8 10 | 10.2
Fighting       | 1 2 5 8 10 11 12 15 16 19 21 22 | 22.3
Dodging        | 4 7 9 11 15 17 19 | 19.0
Armour         | 2 |  2.0
Earth Magic    | 1 4 6 |  6.4
Conjurations   | 2 5 6 7 11 12 13 14 | 14.5
Short Blades   | 4 5 7 9 10 | 10.8
Evocations     | 4 6 |  6.8
Spellcasting   | 4 7 8 12 | 12.6
Ice Magic      | 5 6 |  6.3
Air Magic      | 5 6 12 16 17 | 17.3
Shields        | 4 10 13 | 13.5
Fire Magic     | 5 |  5.9
Shapeshifting  | 4 6 10 | 10.9
Summonings     | 10 12 13 | 13.3
Long Blades    | 9 |  9.7
Translocations | 2 |  2.3

Action                     |  1- 3 |  4- 6 |  7- 9 | 10-12 | 13-15 | 16-18 | 19-21 | 22-24 | 25-27 || total
---------------------------+-------+-------+-------+-------+-------+-------+-------+-------+-------++-------
  Melee: Dagger            |    17 |    11 |   145 |    50 |       |       |       |       |       ||   223
         Mace              |     7 |    11 |       |       |       |       |       |       |       ||    18
         Tailslap          |     1 |     6 |    19 |    53 |   178 |   361 |   249 |   395 |    96 ||  1358
         Punch             |     1 |     1 |     2 |     3 |    13 |     6 |       |     1 |       ||    27
         Rapier            |       |       |       |   304 |   735 |  1467 |   366 |       |       ||  2872
         Scimitar          |       |       |       |       |       |       |   588 |  1118 |       ||  1706
         Demon blade       |       |       |       |       |       |       |       |   231 |   383 ||   614
  Throw: Dart              |       |     2 |       |       |     1 |       |       |       |       ||     3
   Cast: Sting             |    72 |   125 |    32 |       |       |       |       |       |       ||   229
         Olgreb's Toxic Ra |       |     3 |    32 |    78 |    95 |   135 |    48 |     1 |     3 ||   395
         Stone Arrow       |       |       |       |    35 |    73 |    11 |       |       |       ||   119
         Mephitic Cloud    |       |       |       |     4 |     4 |       |       |       |       ||     8
         Eringya's Noxious |       |       |       |       |    14 |    24 |    11 |       |       ||    49
         Freezing Cloud    |       |       |       |       |    28 |   177 |   105 |    66 |    22 ||   398
         Ignite Poison     |       |       |       |       |       |    37 |    44 |       |       ||    81
         Bombard           |       |       |       |       |       |    18 |    53 |       |       ||    71
         Spellforged Servi |       |       |       |       |       |       |    80 |   114 |    31 ||   225
         Plasma Beam       |       |       |       |       |       |       |    18 |    82 |    10 ||   110
         Summon Forest     |       |       |       |       |       |       |     5 |     6 |     1 ||    12
         Maxwell's Capacit |       |       |       |       |       |       |       |    31 |    58 ||    89
 Invoke: Curse Item        |       |       |     1 |     5 |     2 |     1 |     3 |     7 |     1 ||    20
         Shatter the Chain |       |       |       |       |       |     2 |     1 |     8 |       ||    11
  Evoke: Wand              |       |     1 |     6 |    12 |     1 |    10 |     4 |     1 |     1 ||    36
         Phial of floods   |       |       |       |       |       |     2 |       |       |       ||     2
         Lightning rod     |       |       |       |       |       |     9 |       |       |       ||     9
         Box of beasts     |       |       |       |       |       |     2 |       |       |     1 ||     3
         Phantom mirror    |       |       |       |       |       |     2 |       |       |       ||     2
         Tin of tremorston |       |       |       |       |       |       |       |     2 |     2 ||     4
    Use: Scroll            |     3 |     3 |    10 |     4 |     3 |     2 |     6 |    27 |     7 ||    65
         Potion            |       |       |     6 |       |     1 |     2 |       |     3 |     8 ||    20
   Stab: Sleeping          |       |       |     1 |     1 |     5 |     6 |     7 |    15 |     1 ||    36
         Distracted        |       |       |       |     1 |       |     2 |    11 |    21 |     9 ||    44
         Confused          |       |       |       |       |     4 |       |       |       |       ||     4
 Armour: Robe              |    25 |    27 |     2 |       |       |       |       |       |       ||    54
         Leather armour    |       |       |    61 |   129 |   160 |   690 |   374 |   109 |       ||  1523
         Skin              |       |       |       |       |       |    25 |       |       |       ||    25
         Acid dragon scale |       |       |       |       |       |       |       |   340 |   155 ||   495
  Dodge: Dodged            |    17 |    25 |   119 |   353 |   567 |  1183 |   707 |   868 |   460 ||  4299
         Repelled          |       |       |     1 |     2 |     5 |    15 |    17 |    29 |    15 ||    84
  Block: Other             |    10 |    20 |    62 |   143 |   226 |   106 |       |    10 |       ||   577
         Reflection        |       |       |     4 |     1 |    32 |    40 |    82 |    22 |       ||   181
         Buckler           |       |       |       |       |       |   775 |   579 |   513 |       ||  1867
         Kite shield       |       |       |       |       |       |       |       |   654 |   476 ||  1130
         Form:             |       |       |       |       |       |       |     1 |       |       ||     1
         Statue            |       |       |       |       |       |       |     1 |       |       ||     1

Levels and vault maps discovered:
D:1:      giann_forest_graveyard, layout_basic,
          hellmonk_ecumenical_altar_arch_garden, serial_glass, glass_columns_a,
          glass_columns_a, minmay_strange_pillars, item_on_display_a,
          minmay_strange_pillars, kennysheep_flooded_box,
          kennysheep_nondescript, minmay_hedge_maze
D:2:      layout_basic
D:3:      wander_river, layout_loops_cross, gup_sewer_entry_spiral,
          amethyst_killhole, minmay_bisected, uniq_jessica, uniq_terence
D:4:      layout_cave_pods, chequers_serial_rivers_micro_a
D:5:      layout_rooms, general_overflow_altar
D:6:      layout_basic, temple_green, nicolae_figureground_sparkle
D:7:      layout_cave_pools, enter_bailey_2, uniq_maurice
D:8:      layout_basic, uniq_pikel
D:9:      layout_layer_cave, lair_entry_dummy, serial_ice, serial_ice_f,
          serial_ice_h, serial_ice_j, serial_ice_d
D:10:     layout_roguey, nemelex_altar_shiori, uniq_grum
D:11:     layout_roguey, minmay_holes, nicolae_vehumet_radiance, uniq_josephine
D:12:     kennysheep_room_grid, layout_basic, orc_0_dummy, grunt_ministairs_12
D:13:     layout_rooms, evilmike_minifort, uniq_kirke
D:14:     layout_basic, hangedman_vaults_entry_quadrant_bands
D:15:     grunt_enter_depths_magical_seal, layout_cave_pools, special_room
          [special_room_mythical_zoo], nicolae_titane
Temple:   mainiacjoe_temple_big_plus
Lair:1:   layout_gridlike, nicolae_quartered_pool_little,
          nicolae_lair_grazing_beasts [nicolae_sub_lair_graze_edge,
          nicolae_sub_lair_graze_edge, nicolae_sub_lair_graze_edge,
          nicolae_sub_lair_graze_edge]
Lair:2:   layout_cave_shapes, minmay_swamp_entry_swarm,
          nicolae_spider_entry_orb_guardian
Lair:3:   layout_regular_city, eino_small_chamber_without_monster,
          grunt_forest_stairs_basic, lemuel_fruit_fields, serial_bayou_shore_a
Lair:4:   layout_regular_city, kennysheep_snail_temple, grunt_megastairs_3
Lair:5:   gammafunk_lair_ancient_temple, layout_hall_layers, slime_entry_1,
          minmay_lair_oklob_bushes, minmay_stone_trees_medium,
          chequers_serial_rivers_room_a, ice2_lemuel, lemuel_fruit_tree
Swamp:1:  layout_falls_marsh, evilmike_swamp_ruin_rubble_1, uniq_aizul,
          uniq_nikola
Swamp:2:  regret_index_all_hallows'_manor, layout_falls_marsh,
          serial_swamp_ruin, hangedman_swamp_ruin_wall,
          evilmike_swamp_ruin_wall, swamp_pool_1_2
Swamp:3:  layout_falls_marsh, hangedman_swamp_cone, infiniplex_staircase_pool,
          nicolae_swamp_decorative_isthmus
Swamp:4:  swamp_vile, layout_basic_swamp, swamp_pool_1_2,
          infiniplex_staircase_pool_2
Spider:1: layout_chambers, uniq_roxanne
Spider:2: layout_spider_delve
Spider:3: layout_spider_delve, nicolae_spider_stair_cavern, uniq_louise
Spider:4: spider_rune_water
Slime:1:  layout_caves
Slime:2:  layout_caves
Slime:3:  layout_caves
Slime:4:  layout_caves
Slime:5:  slime_pit_nicolae_block_by_block
Orc:1:    layout_caves, nicolae_volcano_entry_vermiform
Orc:2:    st_orc_rangers, layout_diamond_mine, serial_shops, shop, uniq_snorg
Elf:1:    nicolae_elf_arrival_dilemma, layout_rooms, hangedman_elf_represent,
          minmay_misc_feat_ornament, minivault_16, nicolae_zig_zag_zippers,
          uniq_frances
Elf:2:    elven_hall_of_blades_hangedman_alternative
          [nicolae_blade_entry_area_security], layout_loops_cross,
          minmay_elf_necromancy
Elf:3:    minmay_elf_hall_furrowed, layout_gridlike, serial_shops,
          bzr_entry_islet, grunt_megastairs_1
Vaults:1: nicolae_vaults_taking_the_gang_shopping,
          nicolae_vaults_storage_room_glass, nicolae_vaults_layer_cake_slice,
          vaults_mumra_minichess_inversion, vaults_room_large_hall,
          ontoclasm_vaults_decontamination, nicolae_vaults_ninety_degrees,
          nicolae_vaults_house_1, nicolae_vaults_wine_cellar,
          layout_vaults_chaotic_city, serial_shops, shop
Vaults:2: gargoyle_guard, nicolae_vaults_double_plus_1,
          nicolae_vaults_stepped_doors, hangedman_vaults_stagger,
          nicolae_vaults_storage_closets_3, hangedman_vaults_locks,
          nicolae_vaults_hexular_roomagon, nicolae_vaults_offset_grid_hallway_1,
          nicolae_vaults_little_squares_3, nicolae_vaults_variable_pillar_hall,
          hangedman_vaults_river_flow, layout_vaults_omnibox, uniq_mennas,
          uniq_bai_suzhen
Vaults:3: mu_enter_wizlab_3, nicolae_vaults_triangles,
          nicolae_vaults_closet_pinwheel_6,
          nicolae_vaults_offset_grid_hallway_2, hangedman_vaults_capsules,
          hangedman_vaults_stream, v_alt_pattern_3,
          minmay_crypt_entry_skeletal_spiral, v_misc_29, v_misc_12,
          nicolae_vaults_trapezoid_lopsided_3, nicolae_vaults_tetromino_T_2,
          nicolae_vaults_trapezoid_1, layout_vaults_ring, serial_shops,
          nicolae_shop_tiny_waterfront
Vaults:4: hangedman_vaults_slice, ontoclasm_vaults_hangar,
          vaults_room_stairs_pillars, nicolae_vaults_tetromino_T_1,
          nicolae_vaults_closet_pinwheel_2, nicolae_vaults_diamond_1,
          layout_vaults_omnigrid, uniq_margery, uniq_donald
Vaults:5
Crypt:1:  layout_regular_city
Crypt:2:  layout_basic, nicolae_crypt_smalloseum, uniq_boris, uniq_zenata
Crypt:3:  quadcrypt_mu
Depths:1: layout_cave_shapes, nrook_campfire, nicolae_hell_entry_big_baal_hell,
          serial_shops, shop, water_maze_lemuel
Depths:2: grunt_forest_end_shrine, layout_cave_shapes, grunt_pan_entry_sceptre,
          hell_entry, elyvilon_altar_3, lemuel_statue_altar, xom_redecorated,
          serial_bayou_shore_b
Depths:3: evilmike_library_of_no_secrets, layout_gridlike,
          abyss_entry_small_statue_room, hell_entry, serial_bayou_shore_b,
          hangedman_abyss_or_decor_passed, firewood_loft, serial_bayou_shore_b,
          infiniplex_staircase_pillars_1, minmay_shop_star
Depths:4: grunt_crosshair, layout_basic, enter_ziggurat_f, grunt_hell_horde,
          serial_bayou_shore_b
Zot:1:    hellmonk_crystal_mountain, layout_cathedral_of_symmetry,
          regret_index_zot_stipple_split, hangedman_zot_decor_scrapings,
          st_stairs_12
Zot:2:    hangedman_snap_crack_crunch, layout_cathedral_of_symmetry
Zot:3:    layout_concentric_octagons, regret_index_zotdec_tunneler, uniq_grunn,
          uniq_vv
Zot:4:    lemuel_acid_trip, layout_onion, hangedman_hellfire_club
Zot:5:    layout_gridlike, kennysheep_underground_church

Notes
Turn   | Place    | Note
-------+----------+-------------------------------------------
     0 | D:1      | MackTheKnife the Demonspawn Alchemist began the quest for
                  | the Orb.
     0 | D:1      | Reached XP level 1. HP: 13/13 MP: 3/3
     0 | D:1      | magus.rc [v1.9.6]
   107 | D:1      | Reached skill level 2 in Stealth
   221 | D:1      | Found a faded altar of an unknown god.
   265 | D:1      | Gained mutation: A meltable shield of frost defends you.
                  | (SH +4) [demonic ancestry]
   265 | D:1      | Reached XP level 2. HP: 19/19 MP: 0/5
  1075 | D:2      | Reached skill level 4 in Alchemy
  1134 | D:2      | Gained mutation: You have a small tail. [demonic ancestry]
  1134 | D:2      | Reached XP level 3. HP: 17/24 MP: 1/6
  2308 | D:3      | Reached skill level 1 in Fighting
  2381 | D:3      | Gained mutation: You regenerate magic rapidly. [demonic
                  | ancestry]
  2381 | D:3      | Reached XP level 4. HP: 32/32 MP: 0/7
  2425 | D:3      | Noticed Terence
  2470 | D:3      | Noticed Jessica
  2486 | D:3      | Killed Jessica
  2666 | D:2      | Reached skill level 2 in Fighting
  2666 | D:2      | Reached skill level 5 in Alchemy
  2785 | D:3      | Learned a level 4 spell: Olgreb's Toxic Radiance
  2789 | D:3      | Gained mutation: You are surrounded by a mild repulsion
                  | field. (EV +2) [demonic ancestry]
  2789 | D:3      | Reached XP level 5. HP: 38/38 MP: 3/8
  3201 | D:3      | Reached skill level 6 in Alchemy
  3504 | D:3      | Identified the +1 ring mail of the Cockroach {Harm rN++
                  | SInv}
  3927 | D:4      | Reached XP level 6. HP: 44/44 MP: 0/9
  4324 | D:4      | Reached skill level 7 in Alchemy
  4687 | D:5      | Entered Level 5 of the Dungeon
  5025 | D:5      | Gained mutation: You have a tail ending in a sharp stinger.
                  | [demonic ancestry]
  5025 | D:5      | Reached XP level 7. HP: 47/50 MP: 3/10
  5198 | D:5      | Reached skill level 8 in Alchemy
  5254 | D:5      | You pick up a book of Geomancy and begin reading...
  5254 | D:5      | You add the spells Sandblast, Passwall, Stone Arrow and
                  | Brom's Barrelling Boulder to your library.
  5400 | D:5      | Identified the +7 dagger of Defence {freeze, rN+ MP+9}
  5570 | D:6      | You fall into a shaft and drop 2 floors!
  5590 | D:8      | Identified the +1 leather armour of Immorality {Int+2}
  5619 | D:8      | Reached skill level 3 in Fighting
  5640 | D:8      | You pick up a book of Necromancy and begin reading...
  5640 | D:8      | You add the spells Necrotise, Vampiric Draining, Martyr's
                  | Knell and Curse of Agony to your library.
  5683 | D:7      | Noticed Maurice
  5688 | D:7      | Noticed a wyvern
  5694 | D:7      | Killed a wyvern
  5695 | D:7      | Reached skill level 4 in Fighting
  5717 | D:7      | Reached skill level 5 in Fighting
  5717 | D:7      | Gained mutation: You are surrounded by a moderate repulsion
                  | field. (EV +3) [demonic ancestry]
  5717 | D:7      | Reached XP level 8. HP: 58/62 MP: 11/11
  5761 | D:7      | Reached skill level 6 in Fighting
  5786 | D:7      | HP: 15/65 [vampire mosquito (3)]
  5788 | D:7      | Reached skill level 7 in Fighting
  5991 | D:7      | Found a flagged portal.
  5999 | Bailey   | Entered a bailey
  6042 | Bailey   | Reached skill level 8 in Fighting
  6042 | Bailey   | Reached skill level 2 in Dodging
  6124 | Bailey   | Found a large runed translucent door.
  6124 | Bailey   | Found a large runed translucent door.
  6125 | Bailey   | Noticed an orc knight
  6125 | Bailey   | Noticed a deep elf zephyrmancer
  6198 | Bailey   | Reached skill level 3 in Dodging
  6209 | Bailey   | HP: 15/68 [orc knight/+0 glaive (17)]
  6224 | Bailey   | Killed an orc knight
  6225 | Bailey   | Reached skill level 4 in Dodging
  6225 | Bailey   | Reached skill level 2 in Armour
  6225 | Bailey   | Gained mutation: You are surrounded by a strong repulsion
                  | field. (EV +4, RMsl) [demonic ancestry]
  6225 | Bailey   | Reached XP level 9. HP: 16/75 MP: 12/12
  6528 | Bailey   | Killed a deep elf zephyrmancer
  6529 | Bailey   | Reached skill level 9 in Fighting
  6555 | Bailey   | Identified the ring of Ceroun {*Corrode rC+++ rN++ EV+5}
  6736 | D:6      | Found a staircase to the Ecumenical Temple.
  6743 | Temple   | Entered the Ecumenical Temple
  6766 | Temple   | Became a worshipper of Ashenzari the Shackled
  6905 | D:6      | Reached skill level 10 in Fighting
  6929 | D:6      | Learned a level 3 spell: Stone Arrow
  7412 | D:6      | Reached skill level 1 in Earth Magic
  7568 | D:6      | Identified the +7 flail "Zecha" {heavy, rF- Int+5}
  7583 | D:6      | Reached skill level 2 in Conjurations
  7913 | D:7      | Reached skill level 1 in Short Blades
  7968 | D:7      | Maurice changed into Maurice the fire bat
  7968 | D:7      | Noticed Maurice
  7970 | D:7      | Killed Maurice the fire bat
  7971 | D:7      | Reached skill level 2 in Short Blades
  8006 | D:7      | You pick up a book of Party Tricks and begin reading...
  8006 | D:7      | You add the spells Apportation, Jinxbite and Alistair's
                  | Intoxication to your library.
  8403 | D:8      | Reached skill level 3 in Short Blades
  8427 | D:8      | Identified the orb "Xuyreseu" {mayhem, Str+3 Fire}
  8464 | D:8      | Noticed Pikel
  8490 | D:8      | Killed Pikel
  8491 | D:8      | Reached skill level 4 in Short Blades
  8491 | D:8      | Gained mutation: You have a sharp stinger which inflicts
                  | weakening toxins. [demonic ancestry]
  8491 | D:8      | Reached XP level 10. HP: 86/86 MP: 13/13
  8711 | D:8      | Reached * piety under Ashenzari
  9006 | D:9      | Found a staircase to the Lair.
  9018 | D:9      | Noticed a deep elf pyromancer
  9019 | D:9      | Reached skill level 5 in Short Blades
  9034 | D:9      | Reached skill level 2 in Earth Magic
  9041 | D:9      | Reached skill level 3 in Conjurations
  9042 | D:9      | Killed a deep elf pyromancer
  9043 | D:9      | Reached skill level 3 in Earth Magic
  9046 | D:9      | Reached skill level 4 in Conjurations
  9286 | D:9      | Reached skill level 4 in Earth Magic
  9398 | D:9      | Reached skill level 1 in Evocations
  9399 | D:9      | Reached skill level 5 in Conjurations
  9399 | D:9      | Reached ** piety under Ashenzari
  9456 | D:9      | Reached skill level 2 in Evocations
  9502 | D:9      | Reached skill level 3 in Evocations
  9757 | D:9      | Reached *** piety under Ashenzari
 10136 | D:10     | Entered Level 10 of the Dungeon
 10205 | D:10     | Identified the +4 rapier of Qipixtitsag {protect, Int+4}
 10214 | D:10     | Reached skill level 4 in Evocations
 10269 | D:10     | Found a sparkling altar of Nemelex Xobeh.
 10367 | D:10     | Noticed Grum
 10372 | D:10     | Gained mutation: You are robust. (+10% HP) [demonic
                  | ancestry]
 10372 | D:10     | Reached XP level 11. HP: 92/107 MP: 9/17
 10375 | D:10     | Killed Grum
 10475 | D:10     | You pick up a book of Battle and begin reading...
 10475 | D:10     | You add the spells Fugue of the Fallen, Ozocubu's Armour
                  | and Manifold Assault to your library.
 10496 | D:10     | Learned a level 3 spell: Mephitic Cloud
 10920 | Lair:1   | Entered Level 1 of the Lair of Beasts
 10960 | Lair:1   | Reached skill level 5 in Evocations
 10962 | Lair:1   | Reached skill level 5 in Dodging
 11394 | Lair:1   | Reached skill level 6 in Evocations
 11401 | Lair:1   | Reached skill level 6 in Dodging
 11419 | Lair:1   | Reached skill level 6 in Short Blades
 11592 | Lair:1   | Reached skill level 7 in Dodging
 11611 | Lair:1   | Reached skill level 7 in Short Blades
 11720 | Lair:1   | Reached **** piety under Ashenzari
 11891 | Lair:1   | You pick up a book of Dreams and begin reading...
 11891 | Lair:1   | You add the spells Ensorcelled Hibernation and Anguish to
                  | your library.
 12238 | Lair:2   | Noticed a four-headed hydra
 12291 | Lair:2   | Noticed a boulder beetle
 12297 | Lair:2   | Noticed a five-headed hydra
 12303 | Lair:2   | Reached skill level 3 in Spellcasting
 12303 | Lair:2   | Killed a boulder beetle
 12304 | Lair:2   | Reached skill level 4 in Spellcasting
 12304 | Lair:2   | Reached XP level 12. HP: 81/116 MP: 2/23
 12306 | Lair:2   | Reached skill level 5 in Spellcasting
 12312 | Lair:2   | Reached skill level 6 in Spellcasting
 12315 | Lair:2   | Killed a five-headed hydra
 12322 | Lair:2   | Identified the +10 morningstar "Edajucupn" {freeze, rC+
                  | rN++ Int+3 Stlth-}
 12329 | Lair:2   | Noticed a six-headed hydra
 12516 | Lair:2   | Reached skill level 7 in Spellcasting
 12682 | Lair:2   | Reached skill level 8 in Short Blades
 12863 | Lair:2   | Killed a six-headed hydra
 12864 | Lair:2   | Reached skill level 11 in Fighting
 12875 | Lair:2   | Killed a four-headed hydra
 13053 | Lair:2   | Found a hole to the Spider Nest.
 13109 | Lair:2   | Found a staircase to the Swamp.
 13692 | Lair:3   | You pick up a book of Touch and begin reading...
 13692 | Lair:3   | You add the spells Kiss of Death, Confusing Touch and
                  | Dispel Undead to your library.
 13725 | Lair:3   | Reached skill level 9 in Short Blades
 13977 | Lair:3   | Reached XP level 13. HP: 127/127 MP: 11/27
 14049 | Lair:3   | Reached skill level 12 in Fighting
 14212 | Lair:3   | You add the spells Gell's Gravitas, Teleport Other and
                  | Dispersal to your library.
 14905 | Lair:4   | Reached skill level 10 in Short Blades
 14982 | Lair:4   | Found a snail-covered altar of Cheibriados.
 15175 | Lair:4   | Reached ***** piety under Ashenzari
 15861 | Lair:5   | Entered Level 5 of the Lair of Beasts
 15871 | Lair:5   | Reached skill level 3 in Stealth
 15901 | Lair:5   | You pick up a book of Flames and begin reading...
 15901 | Lair:5   | You add the spells Inner Flame and Flame Wave to your
                  | library.
 16011 | Lair:5   | Identified the +2 ice dragon scales of the Sparrow {Fly
                  | rPois rF- rC++ rCorr Str-2}
 16015 | Lair:5   | Reached skill level 4 in Stealth
 16097 | Lair:5   | You pick up a book of Storms and begin reading...
 16097 | Lair:5   | You add the spells Static Discharge, Airstrike and Summon
                  | Lightning Spire to your library.
 16119 | Lair:5   | You add the spells Summon Forest, Eringya's Noxious Bog and
                  | Summon Hydra to your library.
 16202 | Lair:5   | Reached skill level 5 in Stealth
 16436 | Lair:5   | Learned a level 6 spell: Eringya's Noxious Bog
 16464 | Lair:5   | Reached skill level 8 in Dodging
 16740 | Lair:5   | Reached skill level 9 in Dodging
 16788 | Lair:5   | Reached XP level 14. HP: 140/140 MP: 30/30
 17069 | Lair:5   | Reached skill level 9 in Alchemy
 17073 | Lair:5   | Found a staircase to the Slime Pits.
 18022 | D:11     | Found a radiant altar of Vehumet.
 18120 | D:11     | Reached skill level 10 in Alchemy
 18238 | D:11     | You add the spells Cigotuvi's Dreadful Rot, Ignite Poison
                  | and Freezing Cloud to your library.
 18303 | D:11     | Learned a level 5 spell: Freezing Cloud
 18338 | D:11     | Noticed Josephine
 18349 | D:11     | Killed Josephine
 18361 | D:11     | Reached skill level 1 in Ice Magic
 18361 | D:11     | Reached skill level 1 in Air Magic
 18452 | D:11     | You pick up a book of the Hunter and begin reading...
 18452 | D:11     | You add the spells Sigil of Binding, Call Canine Familiar
                  | and Dimensional Bullseye to your library.
 18593 | D:12     | Reached skill level 2 in Ice Magic
 18593 | D:12     | Reached skill level 2 in Air Magic
 18954 | D:12     | Reached skill level 3 in Ice Magic
 18954 | D:12     | Reached skill level 3 in Air Magic
 19026 | D:12     | Identified the +0 robe of Ymmos {rPois Str+3}
 19180 | D:12     | Found a staircase to the Orcish Mines.
 19289 | D:12     | Reached skill level 4 in Ice Magic
 19289 | D:12     | Reached skill level 4 in Air Magic
 19442 | D:12     | You pick up a book of Blasting and begin reading...
 19442 | D:12     | You add the spells Volatile Blastmotes, Fulminant Prism and
                  | Iskenderun's Mystic Blast to your library.
 19695 | Orc:1    | Entered Level 1 of the Orcish Mines
 19802 | Orc:1    | Found a dark tunnel.
 19816 | Volcano  | Entered a volcano
 20042 | Volcano  | Found a bloodstained altar of Trog.
 20254 | Volcano  | Identified a potion of experience
 20262 | Volcano  | Reached skill level 6 in Conjurations
 20262 | Volcano  | Reached skill level 5 in Ice Magic
 20262 | Volcano  | Reached skill level 5 in Air Magic
 20262 | Volcano  | Gained mutation: When hurt, damage is shared between your
                  | health and your magic reserves. [demonic ancestry]
 20262 | Volcano  | Reached XP level 15. HP: 147/147 MP: 22/31
 20565 | Orc:2    | Entered Level 2 of the Orcish Mines
 20756 | Orc:2    | Found Qyseny's Antique Weapon Shop.
 20769 | Orc:2    | Found a staircase to the Elven Halls.
 20933 | Orc:2    | Noticed Snorg
 20940 | Orc:2    | Killed Snorg
 21077 | Orc:2    | Reached skill level 6 in Air Magic
 21079 | Orc:2    | Reached skill level 7 in Conjurations
 21079 | Orc:2    | Reached skill level 6 in Ice Magic
 21283 | Orc:2    | Found Malluazi's General Store.
 21283 | Orc:2    | Found Oxzufez's Assorted Antiques.
 21285 | Orc:2    | Found Wamy's General Store.
 21287 | Orc:2    | Found Ociheufa's General Store.
 21292 | Orc:2    | Bought a scroll labelled DILYSHRO XINWER for 28 gold pieces
 21292 | Orc:2    | Bought a sparkling ivory ring for 140 gold pieces
 21292 | Orc:2    | Identified the ring "Gixubl Bega" {rF+ Str+4} (You bought
                  | it in a shop on level 2 of the Orcish Mines)
 21299 | Orc:2    | Bought a scroll of teleportation for 36 gold pieces
 21299 | Orc:2    | Bought a scroll of immolation for 48 gold pieces
 21301 | Orc:2    | Bought a scroll of fear for 72 gold pieces
 21633 | Orc:2    | Bought an encrusted demon whip for 500 gold pieces
 21633 | Orc:2    | Identified the +0 demon whip of Slow Death {drain, rElec
                  | Int-4 Stlth+} (You bought it in a shop on level 2 of the
                  | Orcish Mines)
 21666 | Orc:2    | Bought a smoking great sword for 322 gold pieces
 21666 | Orc:2    | Identified the +4 great sword "Rofrul" {venom, +Blink rC+
                  | Str-3} (You bought it in a shop on level 2 of the Orcish
                  | Mines)
 21880 | D:13     | You pick up a book of Battle and begin reading...
 21923 | D:13     | Reached XP level 16. HP: 156/156 MP: 23/32
 21925 | D:13     | Noticed Kirke
 21938 | D:13     | Killed Kirke
 22481 | D:14     | You pick up a book of Flames and begin reading...
 22507 | D:14     | Reached skill level 13 in Fighting
 22860 | D:14     | Found a gate to the Vaults.
 22917 | D:14     | Reached skill level 10 in Dodging
 23428 | D:14     | You pick up a book of Displacement and begin reading...
 24154 | D:13     | Reached skill level 14 in Fighting
 24270 | D:15     | Entered Level 15 of the Dungeon
 24301 | D:15     | Reached skill level 11 in Dodging
 24487 | D:15     | You pick up a book of Vapours and begin reading...
 25211 | Lair:1   | Upgraded the game from 0.31.0-4-g52a2dc7128 to
                  | 0.31.0-7-gf635a9b802
 25211 | Lair:1   | magus.rc [v1.9.6]
 25242 | Spider:1 | Entered Level 1 of the Spider Nest
 25393 | Spider:1 | You pick up a book of Iron and begin reading...
 25393 | Spider:1 | You add the spells Animate Armour and Lee's Rapid
                  | Deconstruction to your library.
 25835 | Spider:1 | Noticed Roxanne
 26175 | Spider:2 | Reached skill level 1 in Shields
 26229 | Spider:2 | Reached skill level 2 in Shields
 26456 | Spider:2 | Reached skill level 3 in Shields
 26465 | Spider:2 | Reached skill level 15 in Fighting
 26551 | Spider:2 | Reached skill level 4 in Shields
 26714 | Spider:2 | Learned a level 4 spell: Ignite Poison
 26861 | Spider:2 | Reached ****** piety under Ashenzari
 27128 | Spider:3 | Gained mutation: When low on magic, you restore magic in
                  | place of health. [demonic ancestry]
 27128 | Spider:3 | Reached XP level 17. HP: 168/172 MP: 8/33
 27271 | Spider:3 | Reached skill level 12 in Dodging
 27313 | Spider:3 | Noticed Louise
 27378 | Spider:3 | Identified Hogaf's Reference Book on the Flashy Volcano
 27451 | Spider:3 | You add the spells Searing Ray, Bombard and Fire Storm to
                  | your library.
 27783 | Spider:3 | Reached skill level 13 in Dodging
 28011 | Spider:4 | Entered Level 4 of the Spider Nest
 28512 | Spider:4 | Reached skill level 14 in Dodging
 29084 | Spider:4 | Reached skill level 15 in Dodging
 29309 | Spider:4 | Got a gossamer rune of Zot
 29512 | Swamp:1  | Entered Level 1 of the Swamp
 29514 | Swamp:1  | magus.rc [v1.9.6]
 29530 | Swamp:1  | Identified the serpent talisman "Ruarinush" {rC+ rN+ Int+2}
 29530 | Swamp:1  | Noticed Aizul
 29546 | Swamp:1  | HP: 40/172 [spriggan druid/angry trees (13)]
 29855 | Swamp:1  | Killed Aizul
 30056 | Swamp:1  | Noticed Nikola
 30068 | Swamp:1  | Killed Nikola
 30217 | Swamp:1  | Reached skill level 8 in Spellcasting
 30944 | Swamp:2  | HP: 41/172 [will-o-the-wisp/foxfire (8)]
 31235 | Swamp:2  | Gained mutation: You are very robust. (+20% HP) [demonic
                  | ancestry]
 31235 | Swamp:2  | Reached XP level 18. HP: 172/196 MP: 34/36
 31396 | Swamp:2  | Learned a level 6 spell: Bombard
 31429 | Swamp:2  | Noticed a tentacled monstrosity
 31451 | Swamp:2  | Killed a tentacled monstrosity
 31635 | Swamp:2  | Reached skill level 8 in Conjurations
 31723 | Swamp:2  | Reached skill level 5 in Earth Magic
 32409 | Swamp:2  | Identified the amulet of Tijaeg {Faith ^Fragile Str+2
                  | Stlth+}
 32532 | Swamp:2  | Reached skill level 9 in Conjurations
 32539 | Swamp:2  | Reached skill level 6 in Earth Magic
 32718 | Swamp:2  | Identified the Exposition on Lamentation and Concoctions
 32734 | Swamp:2  | You add the spells Sublimation of Blood, Animate Dead and
                  | Sculpt Simulacrum to your library.
 33261 | Swamp:3  | Reached skill level 1 in Fire Magic
 33670 | Swamp:4  | Entered Level 4 of the Swamp
 33688 | Swamp:4  | Reached skill level 2 in Fire Magic
 33833 | Swamp:4  | Reached skill level 3 in Fire Magic
 33935 | Swamp:4  | Reached skill level 10 in Conjurations
 34114 | Swamp:4  | Reached skill level 4 in Fire Magic
 34166 | Swamp:4  | Identified the cursed +2 helmet of the Ensconced Ether
                  | {Self, Cun} (You found it on level 3 of the Dungeon)
 34166 | Swamp:4  | Identified the cursed +2 pair of gloves of Ouranomancy
                  | {Cun, Bglg} (You found it on level 9 of the Dungeon)
 34166 | Swamp:4  | Identified the cursed +2 pair of boots of the Ruined
                  | Jealousy {Dev, Fort} (You found it on level 13 of the
                  | Dungeon)
 34174 | Swamp:4  | Reached skill level 5 in Fire Magic
 34363 | Swamp:4  | Got a decaying rune of Zot
 34694 | Swamp:4  | Reached skill level 11 in Conjurations
 34732 | Swamp:4  | You pick up a book of the Moon and begin reading...
 34732 | Swamp:4  | You add the spells Passage of Golubria, Silence and
                  | Lehudib's Crystal Spear to your library.
 35412 | Spider:1 | Killed Roxanne
 35873 | Vaults:1 | Entered Level 1 of the Vaults
 35876 | Vaults:1 | Found Xigun Juhips's Armour Shop.
 35933 | Vaults:1 | magus.rc [v1.9.6]
 35997 | Vaults:1 | Reached skill level 1 in Shapeshifting
 36014 | Vaults:1 | Reached skill level 2 in Shapeshifting
 36020 | Vaults:1 | Reached skill level 3 in Shapeshifting
 36183 | Vaults:1 | Reached skill level 4 in Shapeshifting
 36183 | Vaults:1 | Reached XP level 19. HP: 198/199 MP: 17/36
 36543 | Vaults:1 | Reached skill level 5 in Shapeshifting
 36609 | Vaults:1 | Reached skill level 6 in Shapeshifting
 36735 | Vaults:1 | Identified the +1 robe "Wofrin" {Int+4}
 37050 | Vaults:1 | Found Goxycu's Book Boutique.
 37054 | Vaults:1 | Bought a book of Dangerous Friends for 714 gold pieces
 37054 | Vaults:1 | You pick up a book of Dangerous Friends and begin
                  | reading...
 37054 | Vaults:1 | You add the spells Summon Blazeheart Golem, Orb of
                  | Destruction and Spellforged Servitor to your library.
 37062 | Vaults:1 | Learned a level 7 spell: Spellforged Servitor
 37097 | Vaults:1 | Reached skill level 2 in Summonings
 37238 | Vaults:1 | Reached skill level 3 in Summonings
 37422 | Vaults:2 | Reached skill level 4 in Summonings
 37434 | Vaults:2 | Reached skill level 5 in Summonings
 37492 | Vaults:2 | Identified the +7 chain mail of Yesterday {Str+3 Dex+4}
 37547 | Vaults:2 | Noticed Mennas
 37683 | Vaults:2 | Reached skill level 6 in Summonings
 37839 | Vaults:2 | Reached skill level 7 in Summonings
 37994 | Vaults:2 | Reached skill level 8 in Summonings
 38032 | Vaults:2 | Noticed Bai Suzhen
 38466 | Vaults:3 | Reached skill level 9 in Summonings
 38536 | Vaults:3 | Found a magical portal.
 38622 | WizLab   | Entered Maxwell's Workshop
 39190 | WizLab   | Reached skill level 12 in Conjurations
 39363 | WizLab   | Found the +15 Maxwell's patent armour {-Cast -Tele rElec
                  | Will+ rCorr}
 39363 | WizLab   | Identified the +3 dagger "Dragonslayer" {elec, MP-9 Int+4
                  | Dex+2}
 39388 | WizLab   | Noticed an electric golem
 39394 | WizLab   | Killed an electric golem
 39395 | WizLab   | Reached skill level 10 in Summonings
 39407 | WizLab   | Gained mutation: A meltable icy envelope protects you from
                  | harm. (AC +8) [demonic ancestry]
 39407 | WizLab   | Reached XP level 20. HP: 135/208 MP: 8/37
 39644 | WizLab   | Identified the +10 dagger of the Hidden Vale {flame, rCorr}
 40037 | Vaults:3 | Reached skill level 13 in Conjurations
 40166 | Vaults:3 | Found Ilauka Risya's Antique Weapon Emporium.
 40215 | Vaults:3 | Bought a faintly glowing scimitar for 270 gold pieces
 40215 | Vaults:3 | Identified the +6 scimitar of the Sun {flame, ^Contam rElec
                  | rC+ Dex+2} (You bought it in a shop on level 3 of the
                  | Vaults)
 40409 | Vaults:3 | Reached skill level 1 in Long Blades
 40480 | Vaults:3 | Reached skill level 2 in Long Blades
 40519 | Vaults:3 | Paralysed by a formless jellyfish for 1 turns
 40614 | Vaults:3 | Reached skill level 3 in Long Blades
 40771 | Vaults:3 | Reached skill level 4 in Long Blades
 40914 | Vaults:3 | You pick up a book of Lightning and begin reading...
 40914 | Vaults:3 | You add the spells Vhi's Electric Charge, Arcjolt and
                  | Plasma Beam to your library.
 40993 | Vaults:3 | Reached skill level 5 in Long Blades
 41526 | Vaults:3 | Found a staircase to the Crypt.
 41864 | Vaults:4 | Noticed Donald
 41869 | Vaults:4 | Killed Donald
 41870 | Vaults:4 | Reached skill level 6 in Long Blades
 42005 | Vaults:4 | Reached skill level 7 in Long Blades
 42349 | Vaults:4 | Reached skill level 8 in Long Blades
 42412 | Vaults:4 | Paralysed by a formless jellyfish for 1 turns
 42493 | Vaults:4 | You pick up a book of Minor Magic and begin reading...
 42493 | Vaults:4 | You add the spells Magic Dart, Blink and Call Imp to your
                  | library.
 42601 | Vaults:4 | Reached skill level 9 in Long Blades
 42750 | Vaults:4 | Noticed Margery
 42765 | Vaults:4 | Killed Margery
 42767 | Vaults:4 | a +4 demon blade {long}; +0 storm dragon scales {rare}; the
                  | human corpse of Margery
 42774 | Vaults:4 | a +4 demon blade {long}; +0 storm dragon scales {rare}; the
                  | human corpse of Margery
 42781 | Vaults:4 | a +4 demon blade {long}; +0 storm dragon scales {rare}; the
                  | human corpse of Margery
 42802 | Vaults:4 | +0 storm dragon scales {rare}; the human corpse of Margery
 42841 | Vaults:4 | +0 storm dragon scales {rare}; the human corpse of Margery
 42930 | Vaults:4 | You pick up a book of Ice and begin reading...
 42930 | Vaults:4 | You add the spells Ozocubu's Refrigeration and Polar Vortex
                  | to your library.
 43637 | Elf:1    | Entered Level 1 of the Elven Halls
 43637 | Elf:1    | Found a runed translucent gate.
 43637 | Elf:1    | Found a runed translucent gate.
 43637 | Elf:1    | Found a runed translucent gate.
 43637 | Elf:1    | Found a runed translucent gate.
 43637 | Elf:1    | Found a runed translucent gate.
 43637 | Elf:1    | Found a runed translucent gate.
 43638 | Elf:1    | Found a runed translucent door.
 43649 | Elf:1    | Found a runed translucent door.
 43725 | Elf:1    | magus.rc [v1.9.6]
 43733 | Elf:1    | Noticed Frances
 43740 | Elf:1    | Killed Frances
 43849 | Elf:1    | Reached XP level 21. HP: 216/216 MP: 38/38
 43922 | Elf:1    | Reached skill level 11 in Summonings
 44241 | Elf:1    | Found a huge runed translucent gate.
 44242 | Elf:1    | Found a huge runed translucent gate.
 44243 | Elf:1    | Found a huge runed translucent gate.
 44244 | Elf:1    | Found a huge runed translucent gate.
 44245 | Elf:1    | Found a huge runed translucent gate.
 44245 | Elf:1    | Found a huge runed translucent gate.
 44245 | Elf:1    | Found a huge runed translucent gate.
 44245 | Elf:1    | Found a huge runed translucent gate.
 44245 | Elf:1    | Found a huge runed translucent gate.
 44245 | Elf:1    | Found a huge runed translucent gate.
 44245 | Elf:1    | Found a huge runed translucent gate.
 44246 | Elf:1    | Found a huge runed translucent gate.
 44246 | Elf:1    | Found a huge runed translucent gate.
 44246 | Elf:1    | Found a huge runed translucent gate.
 44246 | Elf:1    | Found a huge runed translucent gate.
 44246 | Elf:1    | Found a huge runed translucent gate.
 44246 | Elf:1    | Found a huge runed translucent gate.
 44246 | Elf:1    | Found a huge runed translucent gate.
 44246 | Elf:1    | Found a huge runed translucent gate.
 44246 | Elf:1    | Found a huge runed translucent gate.
 44246 | Elf:1    | Identified the +2 flail of Skirmishing {heavy, rC++ rCorr
                  | Str+3 Dex-3}
 44591 | Elf:2    | Learned a level 5 spell: Summon Forest
 44609 | Elf:2    | Reached skill level 1 in Translocations
 44641 | Elf:2    | Reached skill level 2 in Translocations
 44654 | Elf:2    | Reached skill level 12 in Summonings
 45140 | D:9      | Learned a level 6 spell: Plasma Beam
 45819 | Elf:2    | Found a huge runed translucent gate.
 45819 | Elf:2    | Found a huge runed translucent gate.
 45836 | Elf:2    | Found a huge runed translucent gate.
 45836 | Elf:2    | Found a huge runed translucent gate.
 45836 | Elf:2    | Found a huge runed translucent gate.
 45877 | Elf:2    | You pick up a book of Chaos and begin reading...
 45877 | Elf:2    | You add the spells Conjure Ball Lightning, Disjunction and
                  | Discord to your library.
 45979 | Elf:2    | Reached skill level 7 in Shapeshifting
 46043 | Elf:2    | Identified the Vellum of Diablerie
 46066 | Elf:2    | Identified the Opusculum on the Commander
 46073 | Elf:2    | You add the spells Haunt and Dragon's Call to your library.
 46220 | Elf:3    | Entered Level 3 of the Elven Halls
 46291 | Elf:3    | Found a flickering gateway to a bazaar.
 46377 | Bazaar   | Entered a bazaar
 46453 | Bazaar   | Found Onammac's Book Shop.
 46484 | Bazaar   | Found Med Mas's Antique Armour Shop.
 46492 | Bazaar   | Bought a faintly humming ring mail for 279 gold pieces
 46492 | Bazaar   | Identified the +0 ring mail of New Discoveries {rN+ Str+6
                  | Int-5 Dex+4} (You bought it in a shop in a bazaar)
 46493 | Bazaar   | Bought a runed helmet for 232 gold pieces
 46704 | Elf:3    | You pick up a book of Blasting and begin reading...
 46751 | Elf:3    | Reached skill level 8 in Shapeshifting
 47139 | Elf:3    | Reached skill level 9 in Shapeshifting
 47325 | Elf:3    | Identified the +1 mace "Orphe" {vamp, rCorr Int+6 SInv}
 47414 | Elf:3    | Reached skill level 10 in Shapeshifting
 47447 | Elf:3    | a deep elf annihilator comes into view. It is wielding the
                  | +8 Wrath of Trog {antimagic, *Rage Rampage}.
 47505 | Elf:3    | Identified the staff of Tut Ynwo {rF+ rN+ MP-9 Str+4 Necro
                  | Tloc}
 47891 | Elf:3    | You pick up a book of Hexes and begin reading...
 47891 | Elf:3    | You add the spells Cause Fear and Enfeeble to your library.
 47908 | Elf:3    | Identified the Discourse on Arenous Graupel
 47910 | Elf:3    | Identified the +0 scale mail of Pride {rC+ Regen+ Int-5
                  | Slay+3 SInv}
 47926 | Elf:3    | You pick up a book of Weapons and begin reading...
 47939 | Elf:3    | You pick up a book of Conjurations {@e2} and begin
                  | reading...
 47941 | Elf:3    | You pick up a book of Spatial Translocations and begin
                  | reading...
 47954 | Elf:3    | You add the spells Hailstorm and Borgnjor's Vile Clutch to
                  | your library.
 48039 | Elf:3    | Identified the cursed +3 leather armour of Ashenzari's Loss
                  | {Will+, Comp, Range} (You found it in a bailey)
 48418 | D:15     | Found a staircase to the Depths.
 48522 | Vaults:1 | Bought Maxwell's Memoranda for 680 gold pieces
 48616 | Depths:1 | Entered Level 1 of the Depths
 48679 | D:15     | Reached skill level 16 in Fighting
 49297 | Depths:1 | Reached XP level 22. HP: 233/235 MP: 10/40
 49312 | Depths:1 | Reached skill level 17 in Fighting
 49509 | Depths:1 | Found Big Baal Hell's Store.
 49514 | Depths:1 | Found a gateway to Hell.
 49542 | Depths:1 | You pick up a book of Touch and begin reading...
 49631 | Depths:1 | Found Aguanazink's Magic Scroll Boutique.
 50014 | Depths:2 | Reached skill level 18 in Fighting
 50053 | Depths:2 | Reached skill level 19 in Fighting
 50257 | Depths:2 | Found a shimmering altar of Xom.
 50262 | Depths:2 | Found a shimmering altar of Xom.
 50262 | Depths:2 | Found a shimmering altar of Xom.
 50264 | Depths:2 | Found a shimmering altar of Xom.
 50358 | Depths:2 | Reached skill level 7 in Air Magic
 50812 | Depths:2 | Reached skill level 8 in Air Magic
 51266 | Depths:2 | Reached skill level 9 in Air Magic
 51542 | Depths:2 | Learned a level 8 spell: Maxwell's Capacitive Coupling
 51720 | Depths:2 | Found a one-way gate leading to the halls of Pandemonium.
 51902 | Depths:2 | Found a radiant altar of Vehumet.
 51904 | Depths:2 | Identified the +3 orcbow of the Unliving {flame, rF+ rC+
                  | Dex+2}
 51904 | Depths:2 | Noticed the Enchantress
 51904 | Depths:2 | the Enchantress comes into view. She is wielding the +3
                  | orcbow of the Unliving {flame, rF+ rC+ Dex+2} and wearing
                  | the +2 faerie dragon scales {rN+ rCorr Dex+3 Clar}.
 51923 | Depths:2 | Killed the Enchantress
 51948 | Depths:2 | Identified the Discourse on the Hiemal Caves
 52080 | Depths:2 | Found an ornate altar of the Wu Jian Council.
 52204 | Depths:3 | Found Ziocs's Armour Boutique.
 52208 | Depths:3 | Gained mutation: You have large cloven feet. [potion of
                  | mutation]
 52208 | Depths:3 | Gained mutation: You are strong-willed. (Will+) [potion of
                  | mutation]
 52322 | Depths:3 | Reached skill level 10 in Air Magic
 52344 | Depths:3 | Found a one-way gate to the infinite horrors of the Abyss.
 53035 | Depths:3 | Reached skill level 11 in Air Magic
 53088 | Depths:3 | Identified the Incunabulum of the Comitatus and the Wendigo
 53158 | Depths:3 | Found a shimmering blue altar of Sif Muna.
 53178 | Depths:3 | Noticed an ancient lich
 53178 | Depths:3 | Noticed a dread lich
 53193 | Depths:3 | Killed a dread lich
 53200 | Depths:3 | Killed an ancient lich
 53255 | Depths:3 | Identified the Anthology of Fateful Conjuring
 53256 | Depths:3 | Identified the Compilation of Enchantment and Concoctions
 53268 | Depths:3 | Identified Sif Muna's Grimoire of Leadership and the Damned
 53269 | Depths:3 | Identified Sif Muna's Parchment of the Metallic Tundra
 53365 | Depths:3 | You pick up a book of the Wilderness and begin reading...
 53367 | Depths:3 | You pick up a book of the Senses and begin reading...
 53505 | Depths:4 | Entered Level 4 of the Depths
 53522 | Depths:4 | Reached skill level 12 in Air Magic
 53880 | Depths:4 | Noticed a golden dragon
 53890 | Depths:4 | Killed a golden dragon
 53891 | Depths:4 | Gained mutation: You are extremely robust. (+30% HP)
                  | [demonic ancestry]
 53891 | Depths:4 | Reached XP level 23. HP: 201/270 MP: 7/40
 54381 | Depths:4 | Reached skill level 13 in Air Magic
 54396 | Depths:4 | Found a one-way gateway to a ziggurat.
 54690 | Depths:4 | Found a gate to the Realm of Zot.
 55430 | Depths:4 | magus.rc [v1.9.6]
 55731 | Vaults:5 | Entered Level 5 of the Vaults
 55737 | Vaults:5 | Reached skill level 14 in Air Magic
 55877 | Vaults:5 | Identified the amulet "Denexou" {Faith rPois Int-5 Dex+5}
 55880 | Vaults:5 | Identified the ring of Fexibamm {rPois rF+ rC- rN+ Str+5}
 56009 | Vaults:5 | Identified the +2 robe of the Exiled Olives {+Inv MP-9
                  | SInv}
 56037 | Vaults:5 | Reached skill level 15 in Air Magic
 56091 | Vaults:5 | Identified the +7 chain mail of Generosity {Dex+2}
 56091 | Vaults:5 | Identified a +0 crystal plate armour
 56145 | Vaults:5 | Identified the +11 demon trident "Viympu" {pain, *Rage
                  | rPois rC+++ rCorr}
 56443 | Vaults:5 | You pick up a book of Air and begin reading...
 56443 | Vaults:5 | You add the spells Shock and Swiftness to your library.
 56507 | Vaults:5 | Reached skill level 16 in Air Magic
 56524 | Vaults:5 | a tengu reaver comes into view. It is wielding the +5 demon
                  | whip "Spellbinder" {antimagic, disrupt, Will+}.
 56598 | Vaults:5 | You pick up a book of Flames and begin reading...
 56776 | Vaults:5 | quicksilver dragon scales {rare}; a quicksilver dragon
                  | corpse
 56815 | Vaults:5 | Identified a scroll of acquirement
 56817 | Vaults:5 | Identified the flux talisman of the Imp {rF++ Will- SInv}
 56830 | Vaults:5 | Acquired 448 gold pieces
 56841 | Vaults:5 | Got a silver rune of Zot
 56843 | Vaults:5 | You pick up a book of Hexes and begin reading...
 56863 | Vaults:5 | You pick up a book of Minor Magic and begin reading...
 56875 | Vaults:5 | Reached skill level 5 in Shields
 56939 | Vaults:5 | Reached skill level 6 in Shields
 56989 | Vaults:5 | Reached skill level 7 in Shields
 57297 | Vaults:5 | Identified the +1 short sword "Woacas" {venom, *Noise rN+
                  | Dex+5}
 57446 | Vaults:5 | Reached skill level 8 in Shields
 57447 | Vaults:5 | +0 shadow dragon scales {rare}; a shadow dragon corpse
 57714 | Vaults:5 | Reached skill level 9 in Shields
 57821 | Vaults:5 | Identified the Collected Works on Quicksand and Breath
 57822 | Vaults:5 | Identified the +1 chain mail of Fyoxum {Harm Int-3 Dex+4}
 57829 | Vaults:5 | You pick up a book of the Earth and begin reading...
 58292 | Depths:1 | Bought a scroll of acquirement for 3432 gold pieces
 58292 | Depths:1 | Acquired 1148 gold pieces
 58428 | Vaults:2 | Killed Bai Suzhen
 58617 | Crypt:1  | Entered Level 1 of the Crypt
 58797 | Crypt:1  | Reached skill level 10 in Shields
 58828 | Crypt:1  | Noticed a curse skull
 59159 | Crypt:1  | Reached XP level 24. HP: 222/280 MP: 34/40
 59191 | Crypt:1  | Reached skill level 11 in Shields
 59279 | Crypt:1  | You pick up a book of Debilitation and begin reading...
 59337 | Crypt:1  | Killed a curse skull
 60202 | Crypt:2  | Reached skill level 12 in Shields
 60344 | Crypt:2  | Gained mutation: You are dopey. (Int -2) [mutagenic glow]
 60625 | Crypt:2  | Noticed Zenata
 60629 | Crypt:2  | Noticed Boris
 60631 | Crypt:2  | Killed Zenata
 60638 | Crypt:2  | Killed Boris
 60639 | Crypt:2  | Reached skill level 13 in Shields
 60666 | Crypt:2  | Noticed a curse skull
 60688 | Crypt:2  | Killed a curse skull
 60891 | Crypt:2  | You pick up a book of Touch and begin reading...
 61158 | Crypt:3  | Entered Level 3 of the Crypt
 61552 | Crypt:3  | Reached skill level 14 in Conjurations
 61728 | Crypt:3  | Reached skill level 13 in Summonings
 61914 | Crypt:3  | Noticed a dread lich
 61918 | Crypt:3  | Killed a dread lich
 62083 | Crypt:3  | You pick up a book of Spectacle and begin reading...
 62251 | Crypt:3  | Noticed a curse skull
 62259 | Crypt:3  | Found the +8 Vampire's Tooth {megavamp}
 62259 | Crypt:3  | Identified the amulet "Kiqis" {Spirit rElec Regen+ Str+3}
 62269 | Crypt:3  | Noticed an ancient lich
 62272 | Crypt:3  | Found a staircase to the Tomb.
 62709 | Crypt:3  | Killed a curse skull
 63041 | Crypt:3  | Reached skill level 9 in Spellcasting
 63236 | Crypt:3  | Noticed a dread lich
 63240 | Crypt:3  | Killed a dread lich
 63282 | Crypt:3  | Killed an ancient lich
 63353 | Crypt:3  | Identified the +5 great sword of Valaoh {heavy, rElec rF+
                  | Int+4}
 63353 | Crypt:3  | Identified the +6 hand axe "Xuicvet" {antimagic, Str+5
                  | Int+5 Stlth-}
 63381 | Crypt:3  | You add the spells Malign Gateway and Summon Horrible
                  | Things to your library.
 63390 | Crypt:3  | You pick up a book of Necromancy and begin reading...
 63393 | Crypt:3  | You pick up a book of Debilitation and begin reading...
 63824 | D:14     | magus.rc [v1.9.6]
 64120 | Slime:1  | Entered Level 1 of the Pits of Slime
 64134 | Slime:1  | Reached skill level 10 in Spellcasting
 64586 | Slime:3  | Reached skill level 11 in Spellcasting
 65143 | Slime:5  | Entered Level 5 of the Pits of Slime
 65205 | Slime:5  | Noticed the Royal Jelly
 65976 | Slime:5  | Found a viscous altar of Jiyva.
 66005 | Slime:5  | Identified the +0 pair of gloves of the Lusting Gods {rF++
                  | rN+ Dex-4 Stlth+}
 66014 | Slime:5  | Identified the +5 ring mail of the True Pharaoh {rC+}
 66014 | Slime:5  | Identified the Incunable of Hiemal Earth
 66021 | Slime:5  | Identified the amulet "Cuvinap" {Acrobat rElec rF+ Str+3
                  | Int+3}
 66149 | Slime:5  | Killed the Royal Jelly
 66150 | Slime:5  | Reached skill level 12 in Spellcasting
 66193 | Slime:5  | Got a slimy rune of Zot
 66359 | Slime:4  | Gained mutation: A meltable icy envelope protects you from
                  | harm. (AC +8) [demonic ancestry]
 66359 | Slime:4  | Reached XP level 25. HP: 280/280 MP: 25/42
 66365 | Slime:4  | Reached skill level 17 in Air Magic
 67637 | Zot:1    | Entered Level 1 of the Realm of Zot
 67637 | Zot:1    | Noticed an ancient lich
 67637 | Zot:1    | Noticed an ancient lich
 67734 | Depths:4 | Killed an ancient lich
 67761 | Depths:4 | Killed an ancient lich
 67841 | Zot:1    | Noticed a dread lich
 67842 | Zot:1    | Noticed an electric golem
 67849 | Depths:4 | Killed a dread lich
 67891 | Depths:4 | Killed an electric golem
 67934 | Zot:1    | magus.rc [v1.9.6]
 67941 | Zot:1    | Noticed an electric golem
 67949 | Zot:1    | Killed an electric golem
 68084 | Zot:2    | Reached skill level 16 in Dodging
 68234 | Zot:2    | Noticed an ancient lich
 68238 | Zot:2    | Killed an ancient lich
 68416 | Zot:3    | Noticed an electric golem
 68440 | Zot:3    | Reached skill level 20 in Fighting
 68453 | Zot:3    | Noticed a Killer Klown
 68458 | Zot:3    | Killed an electric golem
 68714 | Zot:3    | Killed a Killer Klown
 68771 | Zot:3    | Noticed Vv
 68781 | Zot:3    | Killed Vv
 68929 | Zot:4    | Reached skill level 17 in Dodging
 69053 | Zot:5    | Entered Level 5 of the Realm of Zot
 69336 | Zot:5    | Noticed an orb of fire
 69361 | Zot:5    | Killed an orb of fire
 69364 | Zot:5    | Noticed a dread lich
 69368 | Zot:5    | Noticed an orb of fire
 69370 | Zot:5    | Killed a dread lich
 69373 | Zot:5    | Gained mutation: Armour fits poorly on your strangely
                  | shaped body. [an orb of fire]
 69375 | Zot:5    | Killed an orb of fire
 69375 | Zot:5    | Noticed an ancient lich
 69376 | Zot:5    | Identified +0 gold dragon scales
 69383 | Zot:5    | Killed an ancient lich
 69384 | Zot:5    | Reached skill level 21 in Fighting
 69384 | Zot:5    | Reached XP level 26. HP: 293/300 MP: 14/43
 69386 | Zot:5    | Noticed an orb of fire
 69391 | Zot:5    | Gained mutation: You are very dopey. (Int -4) [an orb of
                  | fire]
 69392 | Zot:5    | Killed an orb of fire
 69440 | Zot:5    | Noticed an orb of fire
 69445 | Zot:5    | Killed an orb of fire
 69475 | Zot:5    | +0 gold dragon scales {rare}; a golden dragon corpse
 69514 | Zot:5    | Noticed an ancient lich
 69521 | Zot:5    | Killed an ancient lich
 69552 | Zot:5    | +0 gold dragon scales {rare}; a golden dragon corpse
 69573 | Zot:5    | Noticed an electric golem
 69578 | Zot:5    | Reached skill level 18 in Dodging
 69579 | Zot:5    | Killed an electric golem
 69584 | Zot:5    | Noticed an orb of fire
 69586 | Zot:5    | Noticed an orb of fire
 69587 | Zot:5    | Gained mutation: Potions are less effective at restoring
                  | your health. [an orb of fire]
 69589 | Zot:5    | Killed an orb of fire
 69592 | Zot:5    | Gained mutation: Your health recovers twice as slowly from
                  | being drained. [an orb of fire]
 69597 | Zot:5    | Gained mutation: You are weak. (Str -2) [an orb of fire]
 69604 | Zot:5    | Gained mutation: You are vulnerable to heat. (rF-) [an orb
                  | of fire]
 69605 | Zot:5    | Noticed an orb of fire
 69607 | Zot:5    | Killed an orb of fire
 69610 | Zot:5    | Killed an orb of fire
 69613 | Zot:5    | Lost mutation: You are vulnerable to heat. (rF-) [potion of
                  | mutation]
 69613 | Zot:5    | Lost mutation: You have large cloven feet. [potion of
                  | mutation]
 69613 | Zot:5    | Gained mutation: You are very weak. (Str -4) [potion of
                  | mutation]
 69613 | Zot:5    | Lost mutation: Your health recovers twice as slowly from
                  | being drained. [potion of mutation]
 69614 | Zot:5    | Lost mutation: Armour fits poorly on your strangely shaped
                  | body. [potion of mutation]
 69614 | Zot:5    | Lost mutation: Potions are less effective at restoring your
                  | health. [potion of mutation]
 69614 | Zot:5    | Lost mutation: You are very weak. (Str -4) [potion of
                  | mutation]
 69614 | Zot:5    | Gained mutation: You are clumsy. (Dex -2) [potion of
                  | mutation]
 69614 | Zot:5    | Lost mutation: You are very dopey. (Int -4) [potion of
                  | mutation]
 69615 | Zot:5    | Lost mutation: You are weak. (Str -2) [potion of mutation]
 69615 | Zot:5    | Lost mutation: You are clumsy. (Dex -2) [potion of
                  | mutation]
 69615 | Zot:5    | Gained mutation: You have hidden genetic defects. [potion
                  | of mutation]
 69615 | Zot:5    | Gained mutation: Your body sometimes deteriorates upon
                  | taking damage. [potion of mutation]
 69615 | Zot:5    | Gained mutation: You occasionally shout uncontrollably at
                  | your foes. [potion of mutation]
 69615 | Zot:5    | Gained mutation: Your muscles are strong. (Str +4, Int/Dex
                  | -1) [potion of mutation]
 69616 | Zot:5    | Lost mutation: You occasionally shout uncontrollably at
                  | your foes. [potion of mutation]
 69616 | Zot:5    | Lost mutation: You have hidden genetic defects. [potion of
                  | mutation]
 69616 | Zot:5    | Lost mutation: You are dopey. (Int -2) [potion of mutation]
 69616 | Zot:5    | Lost mutation: You are strong-willed. (Will+) [potion of
                  | mutation]
 69616 | Zot:5    | Gained mutation: Your system is resistant to poisons.
                  | (rPois) [potion of mutation]
 69836 | Zot:5    | Noticed an orb of fire
 69842 | Zot:5    | Gained mutation: You have an increased reservoir of magic.
                  | (+10% MP) [an orb of fire]
 69844 | Zot:5    | Lost mutation: You have an increased reservoir of magic.
                  | (+10% MP) [an orb of fire]
 69845 | Zot:5    | Killed an orb of fire
 69852 | Zot:5    | Noticed an electric golem
 69874 | Zot:5    | Killed an electric golem
 69875 | Zot:5    | Reached skill level 22 in Fighting
 70025 | Zot:5    | Noticed an orb of fire
 70030 | Zot:5    | Killed an orb of fire
 70079 | Zot:5    | Noticed an ancient lich
 70085 | Zot:5    | Killed an ancient lich
 70105 | Zot:5    | Got the Orb of Zot
 70475 | D:11     | Reached skill level 19 in Dodging
 70702 | D:$      | Escaped with the Orb!

Vanquished Creatures
  the Royal Jelly (Slime:5)
  8 ancient liches
  9 orbs of fire (Zot:5)
  5 dread liches
  Boris (Crypt:2)
  Bai Suzhen (Vaults:2)
  Vv (Zot:3)
  5 Killer Klowns
  Nikola (Swamp:1)
  4 golden dragons
  3 bone dragons
  A Brimstone Fiend (D:11)
  6 electric golems
  Zenata (Crypt:2)
  2 shard shrike zombies
  3 hellephants
  8 tentacled monstrosities
  12 Orb Guardians
  4 liches
  4 deep elf master archers (Elf:3)
  4 titans (Vaults:5)
  10 acid blobs
  5 death cobs
  4 quicksilver dragons
  3 deep elf blademasters (Elf:3)
  An ancient champion (Crypt:1)
  4 sphinxes
  Frances (Elf:1)
  4 tengu reavers
  3 storm dragons
  3 shadow dragons (Vaults:5)
  Kirke (D:13)
  Aizul (Swamp:1)
  Roxanne (Spider:1)
  8 rockslimes
  A revenant (Crypt:3)
  4 fire giants
  3 draconian knights
  3 fenstrider witches
  4 frost giants
  7 emperor scorpions
  3 protean progenitors (Zot:2)
  7 azure jellies
  A daeva (Zot:4)
  10 vault wardens
  2 deep elf elementalists (Elf:3)
  6 deep elf sorcerers
  An orc warlord (Vaults:3)
  2 curse skulls
  3 draconian scorchers
  A draconian shifter (Zot:2)
  7 ghost moths
  3 draconian stormcallers
  14 ironbound preservers
  3 ghouls
  An angel (WizLab)
  3 draconian annihilators (Zot:3)
  11 ironbound thunderhulks
  A reaper (Crypt:1)
  11 quicksilver oozes
  A broodmother (Spider:2)
  3 spriggan defenders (Depths:2)
  8 formless jellyfish
  7 stone giants
  7 very ugly things
  4 vampire knights
  4 deep elf death magi
  3 deep elf demonologists (Elf:3)
  2 green draconians
  4 black draconians
  2 red draconians
  8 spark wasps
  2 yellow draconians
  12 dire elephants
  4 eleionomae (Swamp:2)
  2 white draconians (Zot:2)
  3 bunyips
  4 deep elf annihilators
  4 war gargoyles
  An eidolon (Crypt:2)
  Snorg (Orc:2)
  5 crystal guardians
  5 purple draconians
  A green death (Swamp:4)
  7 ettins
  Josephine (D:11)
  3 spriggan zombies
  9 yaktaur captains
  7 fire dragons
  6 jiangshi
  2 deep elf high priests
  An entropy weaver (Spider:4)
  22 vault guards
  9 great orbs of eyes
  A rakshasa (Depths:2)
  3 ice dragons
  20 hydras
  3 spriggan air magi
  A salamander tyrant (WizLab)
  2 hell beasts (Swamp:4)
  6 ghost crabs
  3 jorogumos
  A death knight (Crypt:2)
  2 ogre magi (Vaults:5)
  2 radroaches
  5 peacekeepers
  18 centaur warriors
  10 ironbound frosthearts
  A merfolk avatar (Lair:5)
  4 two-headed ogres
  A catoblepas (D:14)
  14 dancing weapons
  4 deep troll shamans
  An azure jelly zombie (Crypt:2)
  4 boulder beetles
  7 alligators
  6 tengu warriors
  A thrashing horror (Swamp:4)
  A titan zombie (Crypt:3)
  7 demonic crawlers
  4 occultists
  5 vampire magi
  6 hell hogs (Depths:4)
  3 death yaks (Lair:4)
  An emperor scorpion zombie (Crypt:3)
  6 deep troll earth magi
  6 spriggan berserkers
  4 sun demons
  11 deep elf knights
  3 hell knights
  3 titan skeletons
  10 skeletal warriors
  A soul eater (Crypt:2)
  5 skysharks
  A shadow wraith (Vaults:5)
  5 pharaoh ants
  5 spriggan druids
  4 death drakes
  3 flayed ghosts
  2 goliath frogs (Swamp:2)
  A glowing orange brain (shapeshifter) (D:15)
  3 iron trolls
  A sea snake (Lair:5)
  A salamander mystic (Volcano)
  A sun moth (Spider:4)
  A golden dragon zombie (Crypt:3)
  37 deep trolls
  9 orb spiders
  4 arcanists
  Pikel (D:8)
  5 deep elf archers
  17 bog bodies
  A glowing orange brain (Vaults:3)
  9 swamp dragons
  A harpy (shapeshifter) (D:13)
  3 phantasmal warriors
  13 lindwurms
  6 steelbarb worms
  7 necromancers
  10 ironbound convokers
  3 harpies
  An iron dragon zombie (Crypt:2)
  21 deep elf pyromancers
  13 wolf spiders
  5 orc knights
  12 deep elf zephyrmancers
  7 will-o-the-wisps
  A lightning spire (WizLab)
  A wolf spider (shapeshifter) (Vaults:5)
  A tengu skeleton (Vaults:4)
  24 ugly things
  3 orc sorcerers
  6 cyclopes
  10 manticores
  2 shining eyes
  4 salamanders (Volcano)
  9 elephants
  3 large abominations
  5 kobold blastminers
  A meliai (shapeshifter) (Elf:3)
  An alligator skeleton (Crypt:1)
  A rust devil (D:10)
  2 eyes of devastation
  11 moths of wrath
  6 black mambas
  4 centaur skeletons (D:14)
  3 orange demons (Swamp:4)
  10 cane toads
  A smoke demon (Depths:2)
  A stone giant skeleton (Vaults:3)
  2 molten gargoyles (Volcano)
  8 torpor snails
  16 vault sentinels
  2 elf skeletons
  A dire elephant skeleton (Crypt:1)
  6 gargoyles
  A naga skeleton (Crypt:3)
  A death yak zombie (Crypt:2)
  4 komodo dragons
  20 yaktaurs
  17 nameless horrors
  6 rime drakes
  An ice devil (D:14)
  3 hellions
  A kobold demonologist (D:14)
  2 elf zombies
  6 freezing wraiths
  2 unseen horrors (D:12)
  4 tengu conjurers
  7 trolls
  A troll (shapeshifter) (Elf:3)
  4 polar bears
  A wind drake (Lair:5)
  A sun moth zombie (Crypt:1)
  7 tyrant leeches
  13 hornets
  A glass eye (Slime:5)
  11 tarantellas
  8 dream sheep
  A snapping turtle (Lair:5)
  23 blink frogs
  An ettin skeleton (Crypt:3)
  4 fire dragon skeletons (Crypt:3)
  23 jumping spiders
  8 shadows
  An ettin zombie (Vaults:3)
  73 slime creatures
  4 vampires
  8 wyverns
  A spriggan (shapeshifter) (D:13)
  2 air elementals (Elf:3)
  16 culicivoras
  7 water elementals
  3 fire elementals
  2 unseen horror simulacra (D:9)
  9 wraiths
  4 hogs (D:13)
  13 basilisks
  A golden eye (shapeshifter) (D:12)
  9 spriggans
  11 vampire mosquitoes
  3 fire bats
  7 steam dragons
  50 yaks
  A redback simulacrum (D:15)
  Grum (D:10)
  49 redbacks
  23 swamp worms
  3 acid dragons
  A naga zombie (Crypt:3)
  A hell hound (D:15)
  14 water moccasins
  A glowing shapeshifter skeleton (Vaults:3)
  36 orc warriors
  16 ice beasts
  A swamp drake (Swamp:1)
  12 laughing skulls
  3 ogres
  2 black bears
  5 boggarts
  22 centaurs
  23 wolves
  A lemure (D:8)
  A lindwurm skeleton (Crypt:2)
  A phantom (D:7)
  5 kobold brigands
  A vine stalker zombie (Crypt:2)
  A gnoll sergeant (D:10)
  2 human zombies (Vaults:1)
  A wyvern zombie (Crypt:1)
  9 bullfrogs
  A scorpion (D:5)
  3 human skeletons
  7 earth elementals
  12 wights
  A hornet simulacrum (D:15)
  8 killer bees
  A raiju zombie (Crypt:2)
  8 electric eels
  A polar bear skeleton (Crypt:1)
  3 howler monkeys
  6 lava snakes (Volcano)
  2 hounds (D:6)
  A human simulacrum (Vaults:4)
  A bombardier beetle (D:6)
  3 gnoll boudas
  7 orc priests
  2 jellies
  A sleepcap (D:4)
  Jessica (D:3)
  23 orc wizards
  5 hell rats (D:15)
  14 gnolls
  7 adders
  3 white imps
  A howler monkey simulacrum (D:9)
  4 ufetubi (D:6)
  3 dart slugs (D:2)
  A ribbon worm (D:5)
  63 orcs
  5 endoplasms
  4 giant cockroaches
  8 goblins
  7 hobgoblins
  5 jackals
  19 kobolds
  5 quokkas
  4 ball pythons
  2 bats
  4 frilled lizards
  A goblin skeleton (Crypt:1)
  An orc skeleton (Crypt:2)
  5 rats
  An aspiring flesh (Zot:1)
  A snaplasher vine (Elf:2)
1870 creatures vanquished.

Vanquished Creatures (collateral kills)
  Margery (Vaults:4)
  the Enchantress (Depths:2)
  A lich (Depths:3)
  11 Orb Guardians (Zot:5)
  A tentacled monstrosity (Zot:2)
  A quicksilver dragon (Vaults:5)
  8 acid blobs
  3 sphinxes
  An ancient champion (Vaults:3)
  3 tengu reavers (Vaults:5)
  2 storm dragons
  A thorn hunter (Depths:2)
  A protean progenitor (Zot:1)
  2 shadow dragons
  A rockslime (Slime:1)
  2 revenants
  Donald (Vaults:4)
  A fire giant (WizLab)
  3 azure jellies
  2 frost giants
  A draconian monk (Depths:4)
  2 balrugs
  A draconian knight (Zot:3)
  4 vault wardens
  5 deep elf sorcerers
  A draconian shifter (Zot:3)
  A deep elf elementalist (Elf:3)
  A draconian scorcher (Zot:4)
  A draconian stormcaller (Depths:4)
  A curse skull (Crypt:1)
  A spriggan defender (Depths:2)
  12 very ugly things
  A quicksilver ooze (Slime:2)
  3 stone giants
  An ironbound thunderhulk (WizLab)
  3 formless jellyfish
  A vampire knight (Depths:1)
  4 deep elf demonologists
  8 deep elf annihilators (Elf:3)
  2 yellow draconians
  An eleionoma (Depths:2)
  5 red draconians
  2 white draconians
  A war gargoyle (Vaults:3)
  A spark wasp (Depths:3)
  2 purple draconians (Zot:5)
  An eidolon (Crypt:1)
  2 jiangshi
  An ettin (Vaults:5)
  3 deep elf high priests (Elf:3)
  A yaktaur captain (Vaults:5)
  A fire dragon (D:15)
  A green death (Depths:2)
  3 great orbs of eyes
  3 rakshasas
  4 peacekeepers (WizLab)
  An ice dragon (Depths:2)
  3 spriggan air magi
  An ogre mage (Vaults:5)
  A salamander tyrant (WizLab)
  12 vault guards (Vaults:5)
  A hell beast (Depths:2)
  2 ghost crabs (Crypt:3)
  A death knight (Crypt:1)
  A fenstrider witch skeleton (Crypt:1)
  A sphinx skeleton (Vaults:3)
  4 deep troll shamans
  5 dancing weapons
  A tengu warrior (Depths:2)
  5 deep troll earth magi
  A vampire mage (Depths:3)
  5 deep elf knights (Elf:3)
  3 hell hogs (Depths:4)
  2 occultists
  A soul eater (Crypt:2)
  A spriggan berserker (Depths:2)
  5 nameless horrors
  4 iron trolls
  9 deep trolls
  A golden dragon zombie (Crypt:3)
  8 skeletal warriors
  A spriggan druid (Depths:2)
  A deep troll (shapeshifter) (Vaults:5)
  A bunyip skeleton (Crypt:3)
  A large abomination (Elf:2)
  An arcanist (Vaults:3)
  A flayed ghost (Crypt:1)
  5 deep elf archers
  6 ironbound convokers
  2 orc knights (Vaults:3)
  4 necromancers
  6 deep elf zephyrmancers
  A lightning spire (WizLab)
  7 deep elf pyromancers
  6 phantasmal warriors
  A wolf spider (Vaults:5)
  4 shining eyes
  A fire giant zombie (Vaults:4)
  An orc sorcerer (D:15)
  8 ugly things
  An iron dragon zombie (Crypt:1)
  A frost giant zombie (Vaults:3)
  3 moths of wrath
  An eye of devastation (Zot:1)
  4 vault sentinels
  A stone giant skeleton (Vaults:3)
  3 molten gargoyles (WizLab)
  A centaur skeleton (D:15)
  An alligator snapping turtle skeleton (Crypt:3)
  3 freezing wraiths (Vaults:5)
  A human skeleton (Vaults:3)
  A komodo dragon (Lair:5)
  6 tengu conjurers
  2 yaktaurs (Vaults:5)
  An ice devil (Depths:2)
  A moth of wrath zombie (Crypt:1)
  2 harpy skeletons (Crypt:3)
  A stone giant simulacrum (Vaults:4)
  26 slime creatures
  2 vampires (Crypt:3)
  A shadow (Crypt:3)
  2 wraiths
  A culicivora (shapeshifter) (Elf:2)
  4 water elementals
  A fire elemental (WizLab)
  2 glowing shapeshifter skeletons (Vaults:3)
  A swamp dragon zombie (Crypt:1)
  6 laughing skulls
  2 elf zombies
  4 earth elementals (WizLab)
  A polar bear zombie (Crypt:2)
357 creatures vanquished.

Vanquished Creatures (others)
  A fire giant (Depths:2)
  A draconian knight (Zot:5)
  A bunyip (Swamp:1)
  An eidolon (Crypt:2)
  A green death (Swamp:4)
  An occultist (Depths:2)
  A glowing orange brain (Depths:4)
  3 deep elf zephyrmancers
  A deep elf pyromancer (Elf:2)
  A moth of wrath (Zot:2)
  An unseen horror (D:12)
  4 bloated husks
  A tyrant leech (Swamp:4)
  An air elemental (Elf:3)
  31 foxfires
  3 snaplasher vines
53 creatures vanquished.

Grand Total: 2280 creatures vanquished

Table legend:
 A = Non-vault XP
 B = Vault XP
 C = Vault XP percentage of total XP
 D = Non-vault monster count
 E = Vault monster count
 F = Vault count percentage of total count
                 A         B        C        D         E       F
            +---------+---------+-------+---------+---------+-------
      Total |  669218 |  703493 |  51.2 |    1359 |     837 |  38.1
            +---------+---------+-------+---------+---------+-------
        D:1 |      31 |       0 |   0.0 |      19 |       0 |   0.0
        D:2 |     127 |       0 |   0.0 |      20 |       0 |   0.0
        D:3 |     135 |      58 |  30.1 |      20 |       7 |  25.9
        D:4 |     233 |       0 |   0.0 |      18 |       0 |   0.0
        D:5 |     298 |       0 |   0.0 |      13 |       0 |   0.0
        D:6 |     815 |       0 |   0.0 |      19 |       0 |   0.0
        D:7 |    1301 |     190 |  12.7 |      16 |       1 |   5.9
        D:8 |     680 |     697 |  50.6 |      14 |       1 |   6.7
        D:9 |    3263 |     666 |  17.0 |      40 |       5 |  11.1
       D:10 |    1148 |     516 |  31.0 |      16 |       4 |  20.0
       D:11 |    3637 |    1947 |  34.9 |      13 |       6 |  31.6
       D:12 |    4794 |    5376 |  52.9 |      23 |      14 |  37.8
       D:13 |    5891 |    9271 |  61.1 |      14 |      19 |  57.6
       D:14 |   11832 |    5066 |  30.0 |      32 |      17 |  34.7
       D:15 |   21498 |   13331 |  38.3 |      32 |      33 |  50.8
     Lair:1 |    7104 |    1767 |  19.9 |      39 |       9 |  18.8
     Lair:2 |   13943 |    1273 |   8.4 |      44 |       4 |   8.3
     Lair:3 |    6433 |       0 |   0.0 |      24 |       0 |   0.0
     Lair:4 |    6245 |    1889 |  23.2 |      19 |       5 |  20.8
     Lair:5 |    8840 |   12343 |  58.3 |      29 |      34 |  54.0
    Swamp:1 |   12866 |    3938 |  23.4 |      28 |       2 |   6.7
    Swamp:2 |   16180 |   16850 |  51.0 |      23 |      32 |  58.2
    Swamp:3 |    7152 |       0 |   0.0 |      14 |       0 |   0.0
    Swamp:4 |   13573 |   21989 |  61.8 |      26 |      34 |  56.7
   Spider:1 |    5099 |    1378 |  21.3 |      12 |       1 |   7.7
   Spider:2 |   20074 |       0 |   0.0 |      49 |       0 |   0.0
   Spider:3 |   19650 |       0 |   0.0 |      43 |       0 |   0.0
   Spider:4 |   13599 |   18745 |  58.0 |      31 |      39 |  55.7
    Slime:1 |   23781 |       0 |   0.0 |      34 |       0 |   0.0
    Slime:2 |    6912 |       0 |   0.0 |       9 |       0 |   0.0
    Slime:3 |   17941 |       0 |   0.0 |      32 |       0 |   0.0
    Slime:4 |    8612 |       0 |   0.0 |      15 |       0 |   0.0
    Slime:5 |    8314 |   28094 |  77.2 |      15 |      24 |  61.5
      Orc:1 |    1753 |     640 |  26.7 |      19 |       1 |   5.0
      Orc:2 |    2325 |    6168 |  72.6 |      22 |      37 |  62.7
      Elf:1 |   15126 |    7602 |  33.4 |      27 |       9 |  25.0
      Elf:2 |   19888 |    7736 |  28.0 |      31 |      14 |  31.1
      Elf:3 |   24372 |   39120 |  61.6 |      39 |      34 |  46.6
   Vaults:1 |   32994 |   11446 |  25.8 |      43 |      16 |  27.1
   Vaults:2 |   25016 |   20896 |  45.5 |      38 |      23 |  37.7
   Vaults:3 |   17457 |   33299 |  65.6 |      31 |      48 |  60.8
   Vaults:4 |   29522 |   15078 |  33.8 |      40 |      13 |  24.5
   Vaults:5 |   13520 |   86710 |  86.5 |      18 |      86 |  82.7
    Crypt:1 |   17742 |       0 |   0.0 |      34 |       0 |   0.0
    Crypt:2 |   17276 |    5360 |  23.7 |      31 |       2 |   6.1
    Crypt:3 |       0 |   59727 | 100.0 |       0 |      75 | 100.0
   Depths:1 |   13518 |       0 |   0.0 |      20 |       0 |   0.0
   Depths:2 |   42598 |   19177 |  31.0 |      49 |      19 |  27.9
   Depths:3 |   13469 |   25340 |  65.3 |      17 |      21 |  55.3
   Depths:4 |   22350 |   46427 |  67.5 |      23 |      31 |  57.4
      Zot:1 |    6924 |    6715 |  49.2 |       7 |       4 |  36.4
      Zot:2 |   24749 |    9788 |  28.3 |      27 |       5 |  15.6
      Zot:3 |   33023 |    2950 |   8.2 |      25 |       1 |   3.8
      Zot:4 |       0 |    5483 | 100.0 |       0 |       6 | 100.0
      Zot:5 |   23595 |  115066 |  83.0 |      23 |      42 |  64.6
     Bailey |       0 |    1731 | 100.0 |       0 |       9 | 100.0
    Volcano |       0 |    5059 | 100.0 |       0 |      16 | 100.0
     WizLab |       0 |   26591 | 100.0 |       0 |      34 | 100.0
            +---------+---------+-------+---------+---------+-------

Skill      XL: |  1  2  3  4  5  6  7  8  9 10 11 12 13 14 15 16 17 18 19 20 21 22 23 24 25 26 |
---------------+-------------------------------------------------------------------------------+-----
Stealth        | 2 5 |  5.9
Alchemy        | 4 5 6 7 8 10 | 10.2
Fighting       | 1 2 5 8 10 11 12 15 16 19 21 22 | 22.3
Dodging        | 4 7 9 11 15 17 19 | 19.0
Armour         | 2 |  2.0
Earth Magic    | 1 4 6 |  6.4
Conjurations   | 2 5 6 7 11 12 13 14 | 14.5
Short Blades   | 4 5 7 9 10 | 10.8
Evocations     | 4 6 |  6.8
Spellcasting   | 4 7 8 12 | 12.6
Ice Magic      | 5 6 |  6.3
Air Magic      | 5 6 12 16 17 | 17.3
Shields        | 4 10 13 | 13.5
Fire Magic     | 5 |  5.9
Shapeshifting  | 4 6 10 | 10.9
Summonings     | 10 12 13 | 13.3
Long Blades    | 9 |  9.7
Translocations | 2 |  2.3

Action                     |  1- 3 |  4- 6 |  7- 9 | 10-12 | 13-15 | 16-18 | 19-21 | 22-24 | 25-27 || total
---------------------------+-------+-------+-------+-------+-------+-------+-------+-------+-------++-------
  Melee: Dagger            |    17 |    11 |   145 |    50 |       |       |       |       |       ||   223
         Mace              |     7 |    11 |       |       |       |       |       |       |       ||    18
         Tailslap          |     1 |     6 |    19 |    53 |   178 |   361 |   249 |   395 |    96 ||  1358
         Punch             |     1 |     1 |     2 |     3 |    13 |     6 |       |     1 |       ||    27
         Rapier            |       |       |       |   304 |   735 |  1467 |   366 |       |       ||  2872
         Scimitar          |       |       |       |       |       |       |   588 |  1118 |       ||  1706
         Demon blade       |       |       |       |       |       |       |       |   231 |   383 ||   614
  Throw: Dart              |       |     2 |       |       |     1 |       |       |       |       ||     3
   Cast: Sting             |    72 |   125 |    32 |       |       |       |       |       |       ||   229
         Olgreb's Toxic Ra |       |     3 |    32 |    78 |    95 |   135 |    48 |     1 |     3 ||   395
         Stone Arrow       |       |       |       |    35 |    73 |    11 |       |       |       ||   119
         Mephitic Cloud    |       |       |       |     4 |     4 |       |       |       |       ||     8
         Eringya's Noxious |       |       |       |       |    14 |    24 |    11 |       |       ||    49
         Freezing Cloud    |       |       |       |       |    28 |   177 |   105 |    66 |    22 ||   398
         Ignite Poison     |       |       |       |       |       |    37 |    44 |       |       ||    81
         Bombard           |       |       |       |       |       |    18 |    53 |       |       ||    71
         Spellforged Servi |       |       |       |       |       |       |    80 |   114 |    31 ||   225
         Plasma Beam       |       |       |       |       |       |       |    18 |    82 |    10 ||   110
         Summon Forest     |       |       |       |       |       |       |     5 |     6 |     1 ||    12
         Maxwell's Capacit |       |       |       |       |       |       |       |    31 |    58 ||    89
 Invoke: Curse Item        |       |       |     1 |     5 |     2 |     1 |     3 |     7 |     1 ||    20
         Shatter the Chain |       |       |       |       |       |     2 |     1 |     8 |       ||    11
  Evoke: Wand              |       |     1 |     6 |    12 |     1 |    10 |     4 |     1 |     1 ||    36
         Phial of floods   |       |       |       |       |       |     2 |       |       |       ||     2
         Lightning rod     |       |       |       |       |       |     9 |       |       |       ||     9
         Box of beasts     |       |       |       |       |       |     2 |       |       |     1 ||     3
         Phantom mirror    |       |       |       |       |       |     2 |       |       |       ||     2
         Tin of tremorston |       |       |       |       |       |       |       |     2 |     2 ||     4
    Use: Scroll            |     3 |     3 |    10 |     4 |     3 |     2 |     6 |    27 |     7 ||    65
         Potion            |       |       |     6 |       |     1 |     2 |       |     3 |     8 ||    20
   Stab: Sleeping          |       |       |     1 |     1 |     5 |     6 |     7 |    15 |     1 ||    36
         Distracted        |       |       |       |     1 |       |     2 |    11 |    21 |     9 ||    44
         Confused          |       |       |       |       |     4 |       |       |       |       ||     4
 Armour: Robe              |    25 |    27 |     2 |       |       |       |       |       |       ||    54
         Leather armour    |       |       |    61 |   129 |   160 |   690 |   374 |   109 |       ||  1523
         Skin              |       |       |       |       |       |    25 |       |       |       ||    25
         Acid dragon scale |       |       |       |       |       |       |       |   340 |   155 ||   495
  Dodge: Dodged            |    17 |    25 |   119 |   353 |   567 |  1183 |   707 |   868 |   460 ||  4299
         Repelled          |       |       |     1 |     2 |     5 |    15 |    17 |    29 |    15 ||    84
  Block: Other             |    10 |    20 |    62 |   143 |   226 |   106 |       |    10 |       ||   577
         Reflection        |       |       |     4 |     1 |    32 |    40 |    82 |    22 |       ||   181
         Buckler           |       |       |       |       |       |   775 |   579 |   513 |       ||  1867
         Kite shield       |       |       |       |       |       |       |       |   654 |   476 ||  1130
         Form:             |       |       |       |       |       |       |     1 |       |       ||     1
         Statue            |       |       |       |       |       |       |     1 |       |       ||     1

Illustrated notes

Table legend:
 A = Kills in this place as a percentage of kills in the entire game.
 B = Kills by you in this place as a percentage of kills by you in the entire game.
 C = Kills by friends in this place as a percentage of kills by friends in the entire game.
 D = Other kills in this place as a percentage of other kills in the entire game.
 E = Experience gained in this place as a percentage of experience gained in the entire game.
 F = Experience gained in this place divided by the number of levels of this place that you have seen.
                   A       B       C       D       E      F
               +-------+-------+-------+-------+-------+----------------------
         Total | 100.0 | 100.0 | 100.0 | 100.0 | 100.0 | 23004.7
       Dungeon |  19.1 |  22.0 |   4.6 |   4.5 |   7.0 | 6412.5
          Lair |   9.4 |  10.8 |   0.3 |  31.8 |   4.3 | 11967.4
         Swamp |   7.2 |   8.3 |   0.0 |  31.8 |   6.7 | 23137.0
   Spider Nest |   7.9 |   9.5 |   0.0 |   0.0 |   5.7 | 19636.2
    Slime Pits |   5.9 |   4.9 |  11.2 |   0.0 |   6.8 | 18730.8
  Orcish Mines |   3.6 |   4.3 |   0.0 |   0.0 |   0.8 | 5443.0
   Elven Halls |   7.0 |   5.6 |  14.1 |  13.6 |   8.2 | 37948.0
        Vaults |  16.2 |  15.0 |  23.3 |   0.0 |  20.7 | 57187.6
         Crypt |   6.4 |   5.5 |  11.5 |   4.5 |   7.3 | 33368.3
        Depths |   8.3 |   5.9 |  20.7 |   9.1 |  13.5 | 46452.5
           Zot |   6.4 |   5.8 |   9.5 |   4.5 |  16.6 | 45909.6
        Bailey |   0.4 |   0.5 |   0.0 |   0.0 |   0.1 | 1731.0
       Volcano |   0.7 |   0.9 |   0.0 |   0.0 |   0.4 | 5059.0
        Wizlab |   1.5 |   1.0 |   4.6 |   0.0 |   1.9 | 26591.0
               +-------+-------+-------+-------+-------+----------------------

Table legend: (Time is in decaauts)
 A = Elapsed time spent in this place.
 B = Non-inter-level travel time spent in this place.
 C = Inter-level travel time spent in this place.
 D = Time resting spent in this place.
 E = Time spent auto-exploring this place.
 F = Levels seen in this place.
 G = Mean time per level.
                   A        B        C        D        E       F      G
               +--------+--------+--------+--------+--------+-----+--------+
         Total |  69704 |  63252 |   6452 |  10162 |  38006 |  60 | 1161.7 |
       Dungeon |  17974 |  15425 |   2549 |   1406 |  11146 |  15 | 1198.3 |
        Temple |     45 |      1 |     44 |      0 |      0 |   1 |   45.0 |
          Lair |   7551 |   6836 |    715 |   1004 |   4607 |   5 | 1510.2 |
         Swamp |   5564 |   5408 |    156 |    951 |   3296 |   4 | 1391.0 |
   Spider Nest |   4354 |   4088 |    266 |    688 |   2406 |   4 | 1088.5 |
    Slime Pits |   3052 |   2801 |    251 |    192 |   1965 |   5 |  610.4 |
  Orcish Mines |   1634 |   1332 |    302 |     46 |    985 |   2 |  817.0 |
   Elven Halls |   3935 |   3530 |    405 |    504 |   1924 |   3 | 1311.7 |
        Vaults |   9279 |   8302 |    977 |    840 |   5034 |   5 | 1855.8 |
         Crypt |   4963 |   4728 |    235 |    842 |   2946 |   3 | 1654.3 |
        Depths |   6545 |   6078 |    467 |   1673 |   3080 |   4 | 1636.2 |
           Zot |   2297 |   2217 |     80 |    884 |    181 |   5 |  459.4 |
        Bazaar |    137 |    137 |      0 |     71 |     40 |   1 |  137.0 |
        Bailey |    603 |    603 |      0 |    223 |    140 |   1 |  603.0 |
       Volcano |    505 |    505 |      0 |    189 |     20 |   1 |  505.0 |
        Wizlab |   1258 |   1258 |      0 |    649 |    234 |   1 | 1258.0 |
               +--------+--------+--------+--------+--------+-----+--------+

Top non-repeatable levels by time:
 Crypt:3: 2434 daAuts
Vaults:3: 2366 daAuts
Vaults:5: 2311 daAuts
 Swamp:2: 2169 daAuts
Depths:3: 1998 daAuts
  Lair:5: 1983 daAuts
Depths:2: 1972 daAuts
    D:14: 1866 daAuts
   Elf:3: 1850 daAuts
Vaults:1: 1818 daAuts
  Lair:1: 1736 daAuts
Depths:4: 1734 daAuts
 Swamp:4: 1706 daAuts
    D:15: 1692 daAuts
  Lair:2: 1625 daAuts
